 Dungeon Crawl Stone Soup version 0.25-a0-420-g1cc7eeb0d1 (webtiles) character file.

Game seed: 8279116463334425420, levelgen mode: classic

15634494 EnegeticOcto the Archmage (level 27, 166/166 HPs)
             Began as a Kobold Venom Mage on Jan 13, 2020.
             Was the Champion of Ashenzari.
             Escaped with the Orb
             ... and 15 runes on Jan 19, 2020!
             The game lasted 04:53:27 (100698 turns).

EnegeticOcto the Archmage (Kobold Venom Mage)     Turns: 100698, Time: 04:53:27

Health: 166/166    AC: 21    Str:  6    XL:     27
Magic:  72/72      EV: 35    Int: 40    God:    Ashenzari [******]
Gold:   10269      SH:  0    Dex: 18    Spells: 0/80 levels left

rFire    + + +     SeeInvis +   b - +3 Elemental Staff {rElec rF++ rC++ MR++ AC+5}
rCold    + + +     Gourm    .   (shield currently unavailable)
rNeg     + + +     Faith    .   o - +4 troll leather armour (curse) {Snorg}
rPois    +         Spirit   .   w - -2 hat of the Alchemist {rElec rPois rF+ rC+ rN+ MR+ rMut rCorr} (curse)
rElec    +         Reflect  .   R - +2 cloak {MR+} (curse)
rCorr    +         Harm     .   Z - +3 pair of gauntlets of War {Slay+5} (curse)
rMut     +         Clarity  +   S - +1 pair of boots "Fuebboxzi" {rF+ MP+9} (curse)
MR       +++++                  Q - amulet of magic regeneration (curse)
Stlth    +.........             H - ring of Vajun {rF++ rN+ MP+9 Int+4} (curse)
HPRegen  0.77/turn              z - ring of Zecuidod {rF- rN+ Int+8} (curse)
MPRegen  0.68/turn

@: deflect missiles
A: small, claws 1, fangs 1, thin skeletal structure 1, carnivore, deterioration
1
0: Orb of Zot
}: 15/15 runes: serpentine, barnacled, slimy, silver, golden, iron, obsidian,
icy, bone, abyssal, demonic, glowing, magical, fiery, dark
a: Curse Item, Scrying, Transfer Knowledge, Renounce Religion


You escaped.
You worshipped Ashenzari.
Ashenzari was exalted by your worship.
You were full.

You visited 17 branches of the dungeon, and saw 87 of its levels.
You visited Pandemonium 1 time, and saw 19 of its levels.
You visited the Abyss 1 time.
You visited 1 bazaar.
You visited 2 ziggurats (completing 1), and saw 41 of their levels.
You also visited: Trove and Gauntlet.

You collected 15623 gold pieces.
You spent 5354 gold pieces at shops.

Inventory:

Hand Weapons
 a - the +9 staff of Wucad Mu {channel}
   (You found it on level 2 of the Depths)
 b - the +3 Elemental Staff (weapon) {rElec rF++ rC++ MR++ AC+5}
   (You found it on level 11 of a ziggurat)

   It affects your AC (+5).
   It greatly protects you from fire.
   It greatly protects you from cold.
   It insulates you from electricity.
   It affects your resistance to hostile enchantments.
 C - the +6 spear of Domination {antimagic, +Blink +Fly Stlth-}
   (You found it on level 21 of a ziggurat)

   It reduces the magical energy of the wielder, and disrupts the spells and
   magical abilities of those hit.
   Natural abilities and divine invocations are not affected.
   It lets you fly.
   It lets you blink.
   It makes you less stealthy.
Missiles
 J - 34 throwing nets (quivered) {!f}
Armour
 o - a cursed +4 troll leather armour (worn) {Snorg}
 w - the cursed -2 hat of the Alchemist (worn) {rElec rPois rF+ rC+ rN+ MR+ rMut rCorr}
   (You bought it in a shop in a bazaar)

   It protects you from fire.
   It protects you from cold.
   It insulates you from electricity.
   It protects you from poison.
   It protects you from negative energy.
   It affects your resistance to hostile enchantments.
   It provides partial protection from all sources of acid and corrosion.
   It protects you from mutation.
   It has a curse placed upon it.
 R - a cursed +2 cloak of magic resistance (worn)
 S - the cursed +1 pair of boots "Fuebboxzi" (worn) {rF+ MP+9}
   (You found it in Pandemonium)

   It protects you from fire.
   It affects your magic capacity (+9).
   It has a curse placed upon it.
 Z - the cursed +3 pair of gauntlets of War (worn) {Slay+5}
   (You bought it in a shop on level 2 of the Orcish Mines)

   It affects your accuracy and damage with ranged weapons and melee attacks
   (+5).
   It has a curse placed upon it.
Jewellery
 n - the ring "Soteuson" {Fire Int+3 Stlth+}
   (You took it off a balrug on level 7 of Gehenna)

   [ring of fire]

   It enhances your fire magic.
   It affects your intelligence (+3).
   It protects you from fire.
   It makes you vulnerable to cold.
   It makes you more stealthy.
 z - the cursed ring of Zecuidod (right hand) {rF- rN+ Int+8}
   (You found it on level 3 of a ziggurat)

   [ring of positive energy]

   It affects your intelligence (+8).
   It makes you vulnerable to fire.
   It protects you from negative energy.
   It has a curse placed upon it.
 H - the cursed ring of Vajun (left hand) {rF++ rN+ MP+9 Int+4}
   (You found it on level 12 of a ziggurat)

   [ring of positive energy]

   It affects your intelligence (+4).
   It greatly protects you from fire.
   It protects you from negative energy.
   It affects your magic capacity (+9).
   It has a curse placed upon it.
 P - the ring of Phasing {EV+8}
   (You found it on level 5 of the Dungeon)

   [ring of evasion]

   It affects your evasion (+8).
 Q - a cursed amulet of magic regeneration (around neck)
Wands
 c - a wand of acid (31)
 p - a wand of scattershot (4)
 x - a wand of disintegration (49)
 y - a wand of clouds (30)
 E - a wand of enslavement (4)
 K - a wand of digging (14)
 W - a wand of paralysis (41)
 X - a wand of iceblast (70)
Scrolls
 g - 14 scrolls of teleportation {@r3 !r}
 i - 18 scrolls of fog {!r}
 j - 2 scrolls of amnesia
 m - a scroll of summoning
 t - 15 scrolls of immolation
 u - 2 scrolls of magic mapping {@r5 !r}
 F - 2 scrolls of blinking {@r4}
 L - 13 scrolls of fear {!r}
 N - 4 scrolls of holy word
 T - 35 scrolls of remove curse {@r2}
 Y - 8 scrolls of vulnerability
Potions
 f - 10 potions of heal wounds {@q2 !q}
 h - a potion of brilliance
 k - 4 potions of magic
 q - 5 potions of invisibility
 r - 7 potions of agility {@q5 !q}
 s - 4 potions of haste {@q4 !q}
 v - 11 potions of flight
 A - 9 potions of mutation
 D - 20 potions of curing {@q1 !q}
 I - 6 potions of ambrosia
 M - a potion of resistance
 O - 4 potions of cancellation
Miscellaneous
 d - a lamp of fire
 l - 12 sacks of spiders
 B - a lightning rod (4/4)
 G - a +1 figurine of a ziggurat
 U - 13 phantom mirrors
 V - 5 boxes of beasts
Comestibles
 e - 81 rations


   Skills:
 O Level 27 Fighting
 - Level 4.0 Armour
 - Level 25.8(27) Dodging
 O Level 27 Spellcasting
 - Level 23.7(27) Conjurations
 - Level 4.6(9.0) Charms
 - Level 1.5(4.5) Summonings
 - Level 16.1(20.0) Necromancy
 - Level 13.9(18.0) Translocations
 - Level 10.8(15.0) Transmutations
 - Level 21.6(25.0) Fire Magic
 + Level 24.0(27) Air Magic
 - Level 23.7(27) Earth Magic
 - Level 25.4(27) Evocations


You couldn't memorise any spells.
You knew the following spells:

 Your Spells              Type           Power        Failure   Level  Hunger
a - Lehudib's Crystal Sp  Conj/Erth      #########.   1%          8    None
b - Ignition              Fire           #########.   1%          8    None
c - Shatter               Erth           #########.   1%          9    None
d - Controlled Blink      Tloc           N/A          1%          8    None
e - Necromutation         Tmut/Necr      ########..   2%          8    None
g - Apportation           Tloc           ######       0%          1    None
i - Deflect Missiles      Chrm/Air       ########..   1%          6    None
j - Orb of Destruction    Conj           ########..   0%          7    None
k - Irradiate             Conj/Tmut      ########..   0%          5    None
z - Fire Storm            Conj/Fire      #########.   1%          9    None
B - Borgnjor's Revivific  Necr           ########..   1%          8    None
O - Summon Butterflies    Summ           ######..     1%          1    None
Y - Blink                 Tloc           N/A          0%          2    None

Your spell library contained the following spells:

 Spells                   Type           Power        Failure   Level  Hunger
 Animate Skeleton         Necr           N/A          0%          1    None
 Beastly Appendage        Tmut           ######       0%          1    None
 Foxfire                  Conj/Fire      ####         0%          1    None
 Infusion                 Chrm           ####         0%          1    None
 Magic Dart               Conj           ####         0%          1    None
 Pain                     Necr           ####         0%          1    None
 Sandblast                Erth           ######       0%          1    None
 Shock                    Conj/Air       ####         0%          1    None
 Corpse Rot               Necr/Air       N/A          0%          2    None
 Passwall                 Tmut/Erth      ########     0%          2    None
 Poisonous Vapours        Pois/Air       ######       0%          2    None
 Shroud of Golubria       Chrm/Tloc      ######       0%          2    None
 Sticks to Snakes         Tmut           ########     0%          2    None
 Sublimation of Blood     Necr           ########..   0%          2    None
 Swiftness                Chrm/Air       ########     0%          2    None
 Conjure Flame            Conj/Fire      ########     0%          3    None
 Dazzling Flash           Conj/Hex       ######       0%          3    None
 Gell's Gravitas          Tloc           ########..   0%          3    None
 Ignite Poison            Fire/Tmut/Pois ########     0%          3    None
 Inner Flame              Hex/Fire       ########     0%          3    None
 Lesser Beckoning         Tloc           ########..   0%          3    None
 Mephitic Cloud           Conj/Pois/Air  ########     0%          3    None
 Recall                   Summ/Tloc      N/A          0%          3    None
 Static Discharge         Conj/Air       ########     0%          3    None
 Stone Arrow              Conj/Erth      ######       0%          3    None
 Teleport Other           Tloc           ########     0%          3    None
 Vampiric Draining        Necr           ########..   0%          3    None
 Airstrike                Air            #########.   0%          4    None
 Animate Dead             Necr           N/A          0%          4    None
 Dispel Undead            Necr           ########     0%          4    None
 Hailstorm                Conj/Ice       ########     0%          4    None
 Iskenderun's Mystic Bla  Conj/Tloc      ########     0%          4    None
 Leda's Liquefaction      Hex/Erth       ########..   0%          4    None
 Petrify                  Tmut/Erth      ########     0%          4    None
 Sticky Flame             Conj/Fire      ########     0%          4    None
 Summon Lightning Spire   Summ/Air       ########     0%          4    None
 Agony                    Necr           ########     0%          5    None
 Bolt of Magma            Conj/Fire/Erth #########.   0%          5    None
 Borgnjor's Vile Clutch   Necr/Erth      #########.   0%          5    None
 Fireball                 Conj/Fire      #########.   0%          5    None
 Iskenderun's Battlesphe  Conj/Chrm      ########     0%          5    None
 Lee's Rapid Deconstruct  Erth           #########.   0%          5    None
 Lightning Bolt           Conj/Air       #########.   0%          5    None
 Conjure Ball Lightning   Conj/Air       #########.   0%          6    None
 Iron Shot                Conj/Erth      #########.   0%          6    None
 Starburst                Conj/Fire      #########.   0%          6    None
 Statue Form              Tmut/Erth      ########.    0%          6    None
 Corona                   Hex            ######.      1%          1    None
 Freeze                   Ice            ####         1%          1    None
 Sting                    Tmut/Pois      ####         1%          1    None
 Summon Small Mammal      Summ           ####         1%          1    None
 Call Imp                 Summ           ######..     1%          2    None
 Ensorcelled Hibernation  Hex/Ice        ######       1%          2    None
 Slow                     Hex            ######..     1%          2    None
 Song of Slaying          Chrm           #######.     1%          2    None
 Call Canine Familiar     Summ           ######..     1%          3    None
 Confusing Touch          Hex            ######..     1%          3    None
 Ozocubu's Armour         Chrm/Ice       #######.     1%          3    None
 Portal Projectile        Hex/Tloc       ######       1%          3    None
 Spectral Weapon          Hex/Chrm       #######.     1%          3    None
 Spider Form              Tmut/Pois      #######...   1%          3    None
 Summon Guardian Golem    Hex/Summ       ######..     1%          3    None
 Tukima's Dance           Hex            ######..     1%          3    None
 Ice Form                 Ice/Tmut       ########     1%          4    None
 Summon Ice Beast         Ice/Summ       #######.     1%          4    None
 Alistair's Intoxication  Tmut/Pois      #######.     1%          5    None
 Aura of Abjuration       Summ           ######....   1%          5    None
 Blade Hands              Tmut           ########..   1%          5    None
 Excruciating Wounds      Chrm/Necr      ########..   1%          5    None
 Silence                  Hex/Air        ########..   1%          5    None
 Summon Demon             Summ           ######....   1%          5    None
 Summon Forest            Summ/Tloc      #######...   1%          5    None
 Yara's Violent Unravell  Hex/Tmut       #######...   1%          5    None
 Death Channel            Necr           ########..   1%          6    None
 Dispersal                Tloc           ########..   1%          6    None
 Freezing Cloud           Conj/Ice/Air   #########.   1%          6    None
 Hydra Form               Tmut           ########..   1%          6    None
 Simulacrum               Ice/Necr       ########..   1%          6    None
 Dragon Form              Tmut           ########..   1%          7    None
 Ring of Flames           Chrm/Fire      ########..   1%          7    None
 Spellforged Servitor     Conj/Summ      ########..   1%          7    None
 Chain Lightning          Conj/Air       #########.   1%          8    None
 Disjunction              Tloc           ########..   1%          8    None
 Infestation              Necr           ########..   1%          8    None
 Tornado                  Air            #########.   1%          9    None
 Eringya's Noxious Bog    Tmut/Pois      #######...   2%          6    None
 Haunt                    Necr/Summ      ########..   2%          7    None
 Cause Fear               Hex            ######....   3%          4    None
 Olgreb's Toxic Radiance  Pois           ######..     3%          4    None
 Malign Gateway           Summ/Tloc      #######...   3%          7    None
 Summon Mana Viper        Hex/Summ       ######..     4%          5    None
 Death's Door             Chrm/Necr      ########..   8%          8    None
 Metabolic Englaciation   Hex/Ice        ######....   10%         5    None
 Shadow Creatures         Summ           N/A          11%         6    None
 Darkness                 Hex            ######....   47%         6    None
 Invisibility             Hex            ######..     47%         6    None
 Ozocubu's Refrigeration  Ice            ######....   47%         6    None
 Monstrous Menagerie      Summ           ######....   52%         7    None
 Summon Greater Demon     Summ           ######....   52%         7    None
 Summon Hydra             Summ           ######....   52%         7    None
 Glaciate                 Conj/Ice       ########..   85%         9    None
 Summon Horrible Things   Summ           ######....   99%         8    None
 Discord                  Hex            ######....   100%        8    None
 Dragon's Call            Summ           ######....   100%        9    None
 Passage of Golubria      Tloc           Unusable     N/A         4    N/A

Dungeon Overview and Level Annotations

Branches:
Dungeon (15/15)            Temple (0/1) D:7            Lair (6/6) D:10
 Shoals (4/4) Lair:2        Snake (4/4) Lair:2        Slime (5/5) Lair:5
    Orc (2/2) D:10            Elf (3/3) Orc:2        Vaults (5/5) D:13
  Crypt (3/3) Vaults:2       Tomb (3/3) Crypt:3      Depths (5/5) D:15
   Hell (visited)             Dis (7/7) Hell            Geh (7/7) Hell
    Coc (7/7) Hell            Tar (7/7) Hell            Zot (5/5) Depths:5
Gauntlet (visited)

Altars:
Ashenzari
Cheibriados
Fedhas
Hepliaklqana
Kikubaaqudgha
Makhleb
Okawaru
Qazlal
Trog
Wu Jian
Xom
Yredelemnul
Zin
Beogh
Jiyva

Shops:
D:8 }[   D:10 [   D:12 (   Orc:2 [*:[   Snake:2 ([(}   Vaults:2 %*   Depths:4 !

Portals:
Hell: Depths:1 Depths:2 Depths:3 Depths:4 Depths:5
Abyss: Depths:4
Pandemonium: Depths:3 Depths:4

Annotations:
D:11 exclusion: door
Lair:6 2 transporters, 1 exclusion, Tux's ghost, journeyman GnWn
Shoals:2 1 runed translucent door
Elf:2 3 runed translucent doors


Innate Abilities, Weirdness & Mutations

You are small and have problems with some larger weapons.
You are carnivorous and can eat meat at any time.
You have sharp fingernails.
You have very sharp teeth.
You have a somewhat thin skeletal structure. (Dex +2, Stealth)
Your body sometimes deteriorates upon taking damage.


Message History

(P) Snake Pit (M) Slime Pits (O) Orcish Mines (E) Elven Halls (V) Vaults (C) Crypt (W) Tomb (U) Depths (H) Hell (I) Dis (G) Gehenna (X) Cocytus (Y) Tartarus (Z) Zot
Where to? (Enter - D:1 @ (x,y), ? - help)
You feel sick.
You are no longer poisoned.
You see here 30 arrows.
There is a stone staircase leading up here.
You climb upwards.
Level annotation: exclusion: door
There is a stone staircase leading down here.
There is an open door here.
There is a stone staircase leading up here.
You climb upwards.
HP restored.
Magic restored.
There is a stone staircase leading down here.
There is an open door here.
There is an open door here.
There is a stone staircase leading up here.
You climb upwards.
There is a stone staircase leading down here.
There is an open door here.
There is a stone staircase leading up here.
You climb upwards.
There is a stone staircase leading down here.
There is an open door here.
You sense a monster nearby.
A red devil and 2 sun demons come into view.
The sun demon shouts!
Things that are here:
24 arrows; a +1 shortbow of flaming 3 hell hogs come into view.
The hell hog squeals angrily.
The hell hog moves out of view.
There is a stone staircase leading up here.
You climb upwards.
There is a stone staircase leading down here.
(D) Dungeon (T) Temple (L) Lair (A) Shoals (P) Snake Pit (M) Slime Pits (O) Orcish Mines (E) Elven Halls (V) Vaults (C) Crypt (W) Tomb (U) Depths (H) Hell (I) Dis (G) Gehenna (X) Cocytus (Y) Tartarus (Z) Zot
Where to? (Enter - D:1 @ (x,y), ? - help)
There is a stone staircase leading up here.
You climb upwards.
There is a stone staircase leading down here.
There is a stone staircase leading up here.
You climb upwards.
There is a stone staircase leading down here.
A Brimstone Fiend comes into view.
Throwing (i - inventory)
J - 35 throwing nets (quivered)
{!f}
Press: ? - help, Shift-Dir - straight line, f - Brimstone Fiend
Aim: a Brimstone Fiend Really fire
J - 35 throwing nets {!f}?
You throw a throwing net {!f}.
The throwing net {!f} hits the Brimstone Fiend.
The Brimstone Fiend is caught in the net!
The Brimstone Fiend gestures at you.
The sphere of damnation explodes!
The damnation engulfs you!!
The Brimstone Fiend struggles against the net.
Casting: Lehudib's Crystal Spear (safe; 1% risk of failure)
Confirm with . or Enter, or press ? or * to list all spells.
Aiming: Lehudib's Crystal Spear (safe; 1% risk of failure)
Press: ? - help, Shift-Dir - straight line, f/p - Brimstone Fiend
Aim: a Brimstone Fiend (entangled in a net)
You feel a surge of power!
The crystal spear hits the Brimstone Fiend!!!!
The Brimstone Fiend is almost dead.
The Brimstone Fiend struggles against the net.
Casting: Lehudib's Crystal Spear (safe; 1% risk of failure)
Confirm with . or Enter, or press ? or * to list all spells.
Aiming: Lehudib's Crystal Spear (safe; 1% risk of failure)
Press: ? - help, Shift-Dir - straight line, f/p - Brimstone Fiend
Aim: a Brimstone Fiend (almost dead, entangled in a net)
You feel a surge of power!
The crystal spear hits the Brimstone Fiend!!!
You kill the Brimstone Fiend!
(D) Dungeon (T) Temple (L) Lair (A) Shoals (P) Snake Pit (M) Slime Pits (O) Orcish Mines (E) Elven Halls (V) Vaults (C) Crypt (W) Tomb (U) Depths (H) Hell (I) Dis (G) Gehenna (X) Cocytus (Y) Tartarus (Z) Zot
Where to? (Enter - D:1 @ (x,y), ? - help) Magic restored.
There is a stone staircase leading up here.
You climb upwards.
There is a stone staircase leading down here.
HP restored.
There is a stone staircase leading up here.
You climb upwards.
There is a stone staircase leading down here.
There is a stone staircase leading up here.
You climb upwards.
There is a stone staircase leading down here.
There is a stone staircase leading up here.
You climb upwards.
There is a stone staircase leading down here.
You sense a monster nearby.
There is a staircase leading out of the dungeon here.
You have escaped!

#...................######
#.........###............#
##'########.#............#
.#.# #.#............# .#.#
#.######.####### ...## #.#
#.# ....### #.# #.#
#.###8#####.######.#
#...............@#.#
#.###8#####.######.#
#...#### #.#......#
###....# #.#.###### ####.#
#.#.# ############ #.#
#.#.# ###...........
######.# #.#.#
#......###....
{{{...>######.# #......#
#.##. ######...#....#
#......# #.##.


There were no monsters in sight!

Vanquished Creatures
  Cerebov (Pan)
  Antaeus (Coc:7)
  the Royal Jelly (Slime:5)
  Asmodeus (Geh:7)
  Gloorx Vloq (Pan)
  Ignacio (Pan)
  Ereshkigal (Tar:7)
  Mnoleg (Pan)
  A seraph (Pan)
  Lom Lobon (Pan)
  An orb of fire (Zot:5)
  Khufu (Crypt:3)
  Mara (Elf:3)
  3 pandemonium lords
  Mennas (Depths:3)
  17 juggernauts
  5 ancient liches
  26 greater mummies
  10 shard shrikes
  9 Killer Klowns
  Frederick (Vaults:4)
  Saint Roka (Elf:2)
  A curse toe (Zot:4)
  Geryon (Hell)
  6 caustic shrikes
  Nikola (Shoals:2)
  3 profane servitors
  4 bone dragons
  15 golden dragons
  Jory (Crypt:2)
  A pearl dragon (Pan)
  2 doom hounds (Tar:7)
  14 liches
  5 electric golems
  7 Brimstone Fiends
  17 tentacled monstrosities
  14 Tzitzimimeh
  An iron giant (Dis:7)
  17 Ice Fiends
  2 hellephants (Zig:25)
  4 Hell Sentinels
  Jorgrun (Shoals:2)
  A shard shrike skeleton (Crypt:1)
  20 Orb Guardians
  8 titans
  Asterion (Depths:3)
  The ghost of mopl the Spry, an adept HaHu of Fedhas (Elf:3)
  Frances (D:12)
  23 acid blobs
  A deep elf blademaster (Elf:3)
  2 deep elf master archers (Elf:3)
  19 Executioners
  18 quicksilver dragons
  2 krakens
  13 death cobs
  9 tentacled starspawn
  31 shadow dragons
  15 sphinxes
  Polyphemus (Shoals:4)
  7 ancient champions
  2 warmongers
  Agnes (Elf:1)
  9 draconian monks
  14 daevas
  12 tengu reavers
  Donald (Snake:1)
  15 storm dragons
  Kirke (Snake:1)
  A fire giant (shapeshifter) (Vaults:5)
  48 nagarajas
  7 revenants
  A frost giant (shapeshifter) (Zig:6)
  23 azure jellies
  15 vault wardens
  11 deep elf sorcerers
  25 frost giants
  4 ghost moths
  Aizul (Snake:1)
  Louise (Depths:4)
  15 draconian knights
  7 iron dragons
  2 juggernaut zombies
  12 fire giants
  11 orc warlords
  7 cacodemons (Pan)
  6 draconian scorchers
  4 corrupters
  20 balrugs
  2 black suns
  26 angels
  An emperor scorpion (Zig:8)
  5 draconian stormcallers
  5 deep elf elementalists
  A caustic shrike zombie (Depths:3)
  3 ghouls
  5 curse skulls
  10 draconian annihilators
  15 war gargoyles
  15 ophanim
  2 spriggan defenders
  7 draconian shifters
  23 reapers
  2 juggernaut skeletons (Zig:17)
  4 blood saints
  25 stone giants
  25 very ugly things
  A caustic shrike skeleton (Zig:19)
  19 ironheart preservers
  12 bennus
  9 vampire knights
  6 green draconians
  7 deep elf demonologists
  6 red draconians
  7 entropy weavers
  14 apis
  4 spark wasps
  13 yellow draconians
  4 dire elephants
  10 lorocyprocas
  A minotaur (Gauntlet)
  10 deep elf annihilators
  10 black draconians
  8 white draconians
  10 ettins
  Snorg (D:10)
  11 purple draconians
  13 deep elf death magi
  5 eidola
  A crystal guardian (Vaults:3)
  14 merfolk javelineers
  7 green deaths
  16 merfolk impalers
  10 death oozes
  5 deep elf high priests
  11 great orbs of eyes
  29 mummy priests
  A quicksilver dragon zombie (Coc:7)
  27 blizzard demons
  Josephine (Snake:1)
  16 jiangshi
  15 fire dragons
  Erolcha (D:10)
  A spectral golden dragon (Zig:21)
  2 monstrous demonspawn
  20 yaktaur captains
  41 vault guards
  A spectral tengu (Zig:21)
  19 naga warriors
  Harold (Orc:1)
  34 ice dragons
  A caustic shrike simulacrum (Zig:26)
  3 quicksilver dragon skeletons
  A spectral sphinx (Zig:21)
  9 rakshasas
  4 merfolk avatars
  8 catoblepae
  23 hydras
  8 centaur warriors
  9 death knights
  An anaconda (shapeshifter) (Zig:7)
  A juggernaut simulacrum (Depths:3)
  3 spriggan air magi
  30 two-headed ogres
  18 anacondas
  14 merfolk aquamancers
  17 ogre magi
  15 dancing weapons
  An alligator snapping turtle (Shoals:4)
  3 alligators (Zig:4)
  3 vampire magi
  A queen ant (Lair:4)
  75 death scarabs
  11 hell hogs
  6 deep troll earth magi
  17 death yaks
  5 titan zombies
  4 tengu warriors
  25 naga sharpshooters
  13 deep troll shamans
  20 orc high priests
  6 satyrs
  18 soul eaters
  3 storm dragon zombies
  A spectral storm dragon (Zig:21)
  2 thrashing horrors (Zig:14)
  Sonja (D:13)
  13 shock serpents
  17 deep elf knights
  2 iron golems
  15 sun demons
  18 iron trolls
  5 spriggan berserkers
  2 spectral elves (Zig:21)
  54 skeletal warriors
  18 shadow wraiths
  4 titan skeletons
  A fire crab (shapeshifter) (Elf:1)
  An unseen horror (shapeshifter) (Depths:1)
  21 hell knights
  14 starcursed masses
  5 wretched stars
  An anaconda zombie (Hell)
  13 sixfirhies
  5 salamander mystics
  A spark wasp zombie (Hell)
  23 cherubim
  18 sea snakes
  2 storm dragon skeletons
  2 orange crystal statues
  3 infernal demonspawn (Pan)
  2 torturous demonspawn (Pan)
  34 deep trolls
  5 unseen horrors
  12 naga ritualists
  A shadow dragon zombie (Depths:3)
  8 death drakes
  10 glowing orange brains
  7 shadow demons
  6 obsidian statues
  4 spriggan druids
  2 gelid demonspawn (Pan)
  4 golden dragon zombies
  11 flayed ghosts
  20 necromancers
  4 swamp dragons (Zig:22)
  11 phantasmal warriors
  50 harpies
  3 sphinx zombies
  24 deep elf archers
  21 ironbrand convokers
  15 wizards
  15 orc knights
  2 tengu zombies
  3 iron dragon zombies
  32 ugly things
  2 anaconda skeletons (Hell)
  A tengu skeleton (Zig:17)
  14 orc sorcerers
  4 shadow dragon skeletons
  2 wolf spider zombies
  31 fauns
  57 deep elf magi
  A manticore (shapeshifter) (Vaults:3)
  2 golden dragon skeletons
  9 fire giant zombies
  16 mana vipers
  6 salamanders
  5 frost giant zombies
  2 stone giant zombies
  4 wolf spiders
  A spectral shock serpent (Crypt:3)
  26 manticores
  A salamander (shapeshifter) (Vaults:3)
  5 cyclopes
  A faun (shapeshifter) (Vaults:5)
  An orb spider (Zig:8)
  9 shining eyes
  79 slime creatures
  A shining eye (shapeshifter) (Vaults:5)
  37 moths of wrath
  2 dire elephant zombies
  2 iron dragon skeletons
  87 black mambas
  22 guardian serpents
  15 rust devils
  3 eyes of devastation
  2 shock serpent zombies
  2 frost giant skeletons
  Maurice (D:10)
  7 elephants
  10 merfolk sirens
  3 fire giant skeletons
  26 vault sentinels
  14 smoke demons
  3 apocalypse crabs
  A water nymph (shapeshifter) (Zig:7)
  A yaktaur zombie (Hell)
  A black mamba (shapeshifter) (Vaults:5)
  6 ice statues
  28 hellions
  36 spiny frogs
  3 stone giant skeletons
  43 naga magi
  4 orange demons
  10 water nymphs
  21 rime drakes
  A death yak zombie (Crypt:1)
  2 gargoyles
  4 molten gargoyles
  5 spriggan zombies
  A spriggan skeleton (Zig:19)
  6 storm dragon simulacra
  10 torpor snails
  9 demonic crawlers
  26 freezing wraiths
  21 komodo dragons
  6 anaconda simulacra
  2 efreet
  A yaktaur (shapeshifter) (Vaults:5)
  72 yaktaurs
  12 hellwings (Pan)
  30 ice devils
  20 tormentors
  A purple draconian skeleton (Crypt:2)
  5 trolls
  58 guardian mummies
  13 red devils
  7 ancient zymes
  4 tengu conjurers
  A hydra zombie (Dis:7)
  62 merfolk
  3 tengu simulacra
  2 polar bears
  A grey draconian skeleton (Crypt:2)
  2 meliai (shapeshifter)
  A yaktaur skeleton (Zig:3)
  2 jumping spiders
  28 wind drakes
  10 hornets
  Grinder (D:5)
  5 hydra skeletons
  A fire giant simulacrum (Vaults:4)
  2 hornets (shapeshifter)
  A harpy skeleton (Crypt:3)
  A stone giant simulacrum (Depths:2)
  A sphinx simulacrum (Zig:26)
  10 bog bodies (Coc:7)
  6 raiju
  An alligator zombie (Hell)
  14 dream sheep
  A dream sheep (shapeshifter) (Zig:6)
  17 hippogriffs
  28 blink frogs
  21 snapping turtles
  9 elf zombies
  4 ettin zombies
  An ice dragon zombie (Dis:7)
  115 flying skulls
  3 fire dragon skeletons
  8 spriggans
  33 yaks
  3 air elementals (Elf:2)
  4 vampires
  A wind drake zombie (Crypt:1)
  5 redbacks
  24 water elementals
  3 ettin skeletons
  31 wraiths
  2 ice dragon skeletons
  3 tarantellas
  A tarantella (shapeshifter) (Depths:4)
  6 ynoxinuls
  2 spriggan simulacra
  10 golden eyes
  11 ushabtiu
  2 basilisks (shapeshifter)
  6 wyverns
  14 shadows
  A fire bat (Zig:19)
  10 fire elementals
  17 humans (D:13)
  14 neqoxecs
  5 basilisks
  A yak (shapeshifter) (Vaults:2)
  4 vampire mosquitoes
  13 chaos spawn
  3 hungry ghosts
  3 steam dragons
  29 large abominations
  A wind drake skeleton (Crypt:2)
  8 small abominations
  9 wargs
  A merfolk zombie (Geh:6)
  65 nagas
  14 soldier ants
  A swamp worm (shapeshifter) (Zig:8)
  3 spiny frog zombies
  7 spatial vortices (Abyss:3)
  5 acid dragons
  A hydra simulacrum (Coc:7)
  2 floating eyes (shapeshifter)
  21 water moccasins
  23 hell hounds
  5 porcupines
  A spiny frog skeleton (Geh:7)
  A floating eye (Vaults:1)
  2 black bears
  4 swamp drakes
  46 orc warriors
  4 sky beasts
  6 eyes of draining
  2 swamp dragon zombies
  An alligator simulacrum (Hell)
  13 ice beasts
  2 hornet zombies
  An ice dragon simulacrum (Crypt:3)
  2 human zombies (Vaults:4)
  A manticore zombie (Coc:7)
  12 necrophages
  6 boggarts
  11 wolves (Lair:4)
  A black mamba simulacrum (Crypt:2)
  6 elf skeletons
  A phantom (Tar:7)
  40 ogres
  18 centaurs
  An elf simulacrum (Zig:7)
  26 crocodiles
  A big kobold (D:8)
  A bullfrog (shapeshifter) (Vaults:5)
  15 bullfrogs
  2 gnoll sergeants
  An earth elemental (Elf:3)
  A draconian skeleton (Crypt:1)
  A glowing shapeshifter simulacrum (Zig:26)
  2 scorpions
  A troll zombie (Crypt:2)
  A wyvern skeleton (D:6)
  21 killer bees
  17 wights
  2 electric eels (Lair:2)
  A howler monkey (D:14)
  14 crimson imps
  2 bullfrog zombies
  6 centaur zombies
  A quasit (Abyss:3)
  11 hounds
  8 jellies
  23 orc priests
  A human simulacrum (Vaults:4)
  A black bear zombie (Crypt:1)
  2 centaur skeletons
  8 iron imps
  5 bullfrog skeletons
  4 iguanas
  21 worker ants
  26 orc wizards
  A hell rat (Zig:9)
  An ogre zombie (Crypt:1)
  2 naga zombies
  56 mummies
  10 adders
  18 gnolls
  4 shadow imps
  6 white imps
  2 adder zombies (D:7)
  A halfling zombie (Crypt:1)
  An adder skeleton (D:5)
  4 worms
  2 ball lightnings (Pan)
  2 dart slugs (D:2)
  6 leopard geckos
  109 orcs
  2 giant cockroaches (D:4)
  9 goblins
  9 hobgoblins
  19 jackals
  2 quokkas
  A river rat zombie (Crypt:2)
  2 ball pythons
  12 bats
  7 frilled lizards
  3 gnoll zombies
  A jackal skeleton (D:5)
  10 kobolds
  An orc skeleton (Crypt:2)
  3 rats (D:1)
  A butterfly (Lair:2)
  11 crawling corpses
  16 fire vortices
  A fungus (Lair:6)
  2 plants (Shoals:4)
  2 starspawn tentacles (Zig:13)
  A tentacle (Shoals:2)
4749 creatures vanquished.

Vanquished Creatures (collateral kills)
  the Serpent of Hell (Tar:7)
  An orb of fire (Zot:5)
  A Killer Klown (Zot:5)
  Xtahua (Depths:3)
  An electric golem (Zot:5)
  2 Tzitzimimeh (Tar:7)
  3 Orb Guardians (Zot:5)
  A quicksilver dragon (Dis:7)
  An acid blob (Slime:5)
  An ancient champion (Tomb:2)
  A deep elf sorcerer (Elf:3)
  A reaper (Tar:7)
  2 deep elf annihilators (Elf:3)
  An ice dragon (Coc:7)
  A wretched star (Zig:13)
  A cherub (Depths:3)
  A ghost moth zombie (Tar:7)
  4 shadow demons (Tar:7)
  A shadow dragon zombie (Coc:7)
  A black mamba (Snake:1)
  An eye of devastation (Slime:3)
  An efreet (Zig:13)
  A silent spectre (Zig:13)
  A flying skull (Zig:13)
  A shadow (Tar:7)
  A chaos spawn (Pan)
  A neqoxec (Pan)
  A naga (Snake:4)
  A small abomination (Zig:13)
  An iron imp (Dis:7)
37 creatures vanquished.

Vanquished Creatures (others)
  A caustic shrike (Zig:25)
  A death cob (Zot:1)
  An Executioner (Pan)
  A storm dragon (Pan)
  3 green deaths (Pan)
  A blizzard demon (Pan)
  A fire dragon (Zig:22)
  A vault guard (Vaults:1)
  2 wizards (Pan)
  A starcursed mass (Abyss:3)
  A deep elf mage (Elf:2)
  A hellion (Geh:7)
  A neqoxec (Pan)
  A swamp drake (Zig:22)
  2 ogres
  A crimson imp (Depths:3)
  2 ball lightnings (Pan)
  57 fire vortices
  8 fungi
  86 plants
  4 starspawn tentacles
  11 tentacles
188 creatures vanquished.

Grand Total: 4974 creatures vanquished

Notes
Turn   | Place    | Note
-------+----------+-------------------------------------------
     0 | D:1      | EnegeticOcto the Kobold Venom Mage began the quest for the
                  | Orb.
     0 | D:1      | Reached XP level 1. HP: 10/10 MP: 3/3
   377 | D:1      | Reached XP level 2. HP: 13/15 MP: 1/5
   449 | D:1      | Learned a level 2 spell: Poisonous Vapours
  1369 | D:2      | Reached XP level 3. HP: 8/19 MP: 0/6
  1652 | D:2      | Learned a level 3 spell: Mephitic Cloud
  1660 | D:2      | Reached skill level 1 in Air Magic
  1805 | D:2      | You fall into a shaft and drop 2 floors!
  1928 | D:3      | Reached XP level 4. HP: 23/24 MP: 0/7
  2217 | D:2      | Found a shattered altar of Ashenzari.
  2217 | D:2      | Found a hazy altar of Hepliaklqana.
  2217 | D:2      | Found a stormy altar of Qazlal.
  2223 | D:2      | Became a worshipper of Ashenzari the Shackled
  3378 | D:3      | Reached skill level 1 in Fighting
  3378 | D:3      | Reached skill level 1 in Conjurations
  3378 | D:3      | Reached XP level 5. HP: 24/29 MP: 4/9
  4626 | D:4      | Reached XP level 6. HP: 32/35 MP: 5/11
  4667 | D:4      | Learned a level 4 spell: Olgreb's Toxic Radiance
  4671 | D:4      | Learned a level 3 spell: Ignite Poison
  5013 | D:4      | Noticed an ogre
  5038 | D:4      | Killed an ogre
  5038 | D:4      | Reached XP level 7. HP: 40/40 MP: 0/13
  5840 | D:4      | Found a blossoming altar of Fedhas.
  6053 | D:5      | Entered Level 5 of the Dungeon
  6125 | D:5      | Reached skill level 1 in Evocations
  6362 | D:5      | Reached * piety under Ashenzari
  6416 | D:5      | Reached skill level 5 in Spellcasting
  6614 | D:5      | Noticed Grinder
  6646 | D:5      | Killed Grinder
  6646 | D:5      | Reached XP level 8. HP: 10/46 MP: 14/16
  7223 | D:5      | Reached skill level 5 in Poison Magic
  7538 | D:5      | Found a burning altar of Makhleb.
  7538 | D:5      | Noticed a cacodemon
  7541 | D:5      | Noticed a hellwing
  7595 | D:5      | Found the ring of Phasing {EV+8}
  8359 | D:6      | Reached skill level 5 in Evocations
  8359 | D:6      | Reached XP level 9. HP: 50/50 MP: 8/18
  8876 | D:6      | Found a basalt altar of Yredelemnul.
  9025 | D:6      | Found a basalt altar of Yredelemnul.
  9465 | D:7      | Found a staircase to the Ecumenical Temple.
  9606 | D:7      | Reached skill level 5 in Stealth
  9757 | D:7      | Found an iron altar of Okawaru.
  9999 | D:7      | Found an ornate altar of the Wu Jian Council.
 10107 | D:7      | Reached ** piety under Ashenzari
 10226 | D:7      | Reached skill level 5 in Dodging
 10587 | D:8      | Reached XP level 10. HP: 58/58 MP: 13/19
 10592 | D:8      | Found Otaqezxae's Gadget Emporium.
 10663 | D:8      | Reached skill level 5 in Fighting
 10956 | D:8      | Found Temm's Antique Armour Emporium.
 10966 | D:8      | Bought a colourful robe for 148 gold pieces
 11434 | D:8      | Noticed a two-headed ogre
 11453 | D:8      | Killed a two-headed ogre
 11976 | D:9      | Reached skill level 10 in Poison Magic
 12311 | D:9      | Learned a level 2 spell: Blink
 12529 | D:9      | Reached skill level 1 in Translocations
 12723 | D:9      | Got the short sword "Oplarphi" {pierce, rC+ MR+ Str+4}
 12724 | D:9      | Identified the +6 short sword "Oplarphi" {pierce, rC+ MR+
                  | Str+4} (You found it on level 9 of the Dungeon)
 13090 | D:10     | Entered Level 10 of the Dungeon
 13137 | D:10     | Found a staircase to the Lair.
 13137 | D:10     | Noticed an elephant
 13145 | D:10     | Reached XP level 11. HP: 64/64 MP: 5/20
 13148 | D:10     | Killed an elephant
 13282 | D:10     | Identified the +1 buckler of Hysteria {rC+ MP+9 Dex+5}
 13288 | D:10     | Noticed Snorg
 13309 | D:10     | Killed Snorg
 13798 | D:10     | Found Zoijaczi's Antique Armour Emporium.
 14139 | D:10     | Found a staircase to the Orcish Mines.
 14164 | D:10     | Noticed Erolcha
 14173 | D:10     | Killed Erolcha
 14173 | D:10     | Reached skill level 1 in Shields
 14309 | D:10     | Noticed Maurice
 14314 | D:10     | Killed Maurice
 14504 | D:11     | Noticed a cyclops
 14505 | D:11     | Found a hazy altar of Hepliaklqana.
 14515 | D:11     | Killed a cyclops
 14549 | D:11     | Noticed a four-headed hydra
 14558 | D:11     | Reached *** piety under Ashenzari
 14976 | D:11     | Reached XP level 12. HP: 73/73 MP: 24/24
 15299 | Lair:1   | Entered Level 1 of the Lair of Beasts
 16062 | Lair:2   | Reached skill level 10 in Spellcasting
 16073 | Lair:2   | Reached skill level 1 in Fire Magic
 16181 | Lair:2   | Reached **** piety under Ashenzari
 16363 | Lair:2   | Reached skill level 5 in Conjurations
 16481 | Lair:2   | Reached XP level 13. HP: 79/79 MP: 27/27
 16568 | Lair:2   | Found a staircase to the Shoals.
 16721 | Lair:2   | Found a staircase to the Snake Pit.
 17910 | Lair:4   | Noticed a five-headed hydra
 17917 | Lair:4   | Noticed an eight-headed hydra
 18037 | Lair:4   | Killed an eight-headed hydra
 18081 | Lair:4   | Reached ***** piety under Ashenzari
 18097 | Lair:4   | Reached skill level 5 in Air Magic
 18236 | Lair:4   | Noticed an entropy weaver
 18236 | Lair:4   | Noticed an entropy weaver
 18241 | Lair:4   | Killed an entropy weaver
 18244 | Lair:4   | Reached skill level 10 in Dodging
 18245 | Lair:4   | Killed an entropy weaver
 18472 | Lair:4   | Reached skill level 10 in Fighting
 18870 | Lair:5   | Found a viscous altar of Jiyva.
 18871 | Lair:5   | Found a staircase to the Slime Pits.
 18890 | Lair:5   | Reached skill level 10 in Stealth
 19089 | Lair:5   | Found a shimmering altar of Xom.
 19121 | Lair:5   | Reached XP level 14. HP: 88/88 MP: 27/28
 19163 | Lair:5   | Reached skill level 5 in Fire Magic
 19842 | Lair:6   | Entered Level 6 of the Lair of Beasts
 20243 | Lair:6   | Found a transporter.
 20250 | Lair:6   | Found a transporter.
 20251 | Lair:6   | Identified the +10 trident of Execution {freeze, Int+2}
 20252 | Lair:6   | Noticed Tux's ghost (journeyman GnWn)
 20254 | Lair:6   | Found a bloodstained altar of Trog.
 20525 | Lair:6   | Reached XP level 15. HP: 94/94 MP: 29/29
 20545 | Lair:6   | Reached ****** piety under Ashenzari
 21054 | Orc:1    | Entered Level 1 of the Orcish Mines
 21055 | Orc:1    | Noticed an orc warlord
 21056 | Orc:1    | Noticed Harold
 21065 | Orc:1    | Killed Harold
 21065 | Orc:1    | Killed an orc warlord
 21065 | Orc:1    | Reached skill level 1 in Armour
 21307 | Orc:2    | Entered Level 2 of the Orcish Mines
 21314 | Orc:2    | Noticed an orc warlord
 21327 | Orc:2    | Killed an orc warlord
 21414 | Orc:2    | Found a burning altar of Makhleb.
 21796 | Orc:2    | Found a staircase to the Elven Halls.
 22041 | Orc:2    | Found Ludd's Antique Armour Shop.
 22105 | Orc:2    | Found Coalyny's Book Emporium.
 22124 | Orc:2    | Found Xunistyr's Armour Emporium.
 22127 | Orc:2    | Found Myotho's Assorted Antiques.
 22212 | Orc:2    | Bought a book of Power for 630 gold pieces
 22219 | Orc:2    | Learned a level 6 spell: Iron Shot
 22229 | Orc:2    | Bought a scroll labeled HOUROJ PYITWU for 38 gold pieces
 22229 | Orc:2    | Identified 2 scrolls of acquirement
 22383 | Orc:1    | Found a roughly hewn altar of Beogh.
 22549 | Orc:1    | Reached skill level 1 in Earth Magic
 22793 | D:12     | Found Kuerr's Weapon Shoppe.
 22811 | D:12     | Noticed Frances
 22823 | D:12     | Killed Frances
 22982 | D:12     | Learned a level 1 spell: Apportation
 22984 | D:12     | Learned a level 1 spell: Summon Butterflies
 23653 | Orc:2    | Bought the +3 pair of gauntlets of War {Slay+5} for 1377
                  | gold pieces
 23653 | Orc:2    | Found the +3 pair of gauntlets of War {Slay+5}
 24116 | D:13     | Reached XP level 16. HP: 101/101 MP: 30/31
 24332 | D:13     | Noticed Sonja
 24334 | D:13     | Killed Sonja
 24828 | D:13     | Reached skill level 5 in Earth Magic
 24861 | D:13     | Found a gate to the Vaults.
 26383 | D:15     | Entered Level 15 of the Dungeon
 26444 | D:15     | Found a gate leading to a gauntlet.
 26455 | Gauntlet | Entered a Gauntlet
 26455 | Gauntlet | Found a transporter.
 26474 | Gauntlet | Found a transporter.
 26490 | Gauntlet | Found a transporter.
 26491 | Gauntlet | Identified the ring of the Forsaken Lives {rPois MP+9
                  | Str+3}
 26494 | Gauntlet | Found a transporter.
 26504 | Gauntlet | Found a transporter.
 26524 | Gauntlet | Identified the cursed +0 pair of gloves of Taxzop {Dex+3}
 26524 | Gauntlet | Found a transporter.
 26526 | Gauntlet | Identified the ring of the Queen {rPois rN+ Str+2 Stlth-}
 26527 | Gauntlet | Found a transporter.
 26531 | Gauntlet | Found a transporter.
 26537 | Gauntlet | Identified the ring "Maraigid" {rF+ MR+ Slay+3 SInv}
 26554 | Gauntlet | Found a transporter.
 26560 | Gauntlet | Found a transporter.
 26564 | Gauntlet | Found a transporter.
 26572 | Gauntlet | Found a transporter.
 26590 | Gauntlet | Identified the ring "Pauram" {*Tele Int+2}
 26895 | Gauntlet | Identified the Incunabulum of Shape Shifting
 27249 | D:15     | Upgraded the game from 0.25-a0-410-g53dbb631d1 to
                  | 0.25-a0-420-g1cc7eeb0d1
 27392 | D:15     | Reached XP level 17. HP: 109/109 MP: 24/33
 27792 | D:15     | Identified the ring "Roczooh" {Wiz Dex+4}
 28051 | D:15     | Found a staircase to the Depths.
 28187 | D:15     | Learned a level 5 spell: Bolt of Magma
 28363 | Shoals:1 | Entered Level 1 of the Shoals
 28542 | Shoals:1 | Identified Gopsoxus's Almanac of Shifting Air
 28549 | Shoals:1 | Learned a level 4 spell: Summon Lightning Spire
 28794 | Shoals:1 | Reached skill level 10 in Earth Magic
 29173 | Shoals:1 | Found a burning altar of Makhleb.
 29178 | Shoals:1 | Noticed a kraken
 29196 | Shoals:1 | Killed a kraken
 29490 | Shoals:2 | Noticed a kraken
 29494 | Shoals:2 | Killed a kraken
 29735 | Shoals:2 | Noticed Jorgrun
 29744 | Shoals:2 | Killed Jorgrun
 29989 | Shoals:2 | Found a runed translucent door.
 30055 | Shoals:2 | Reached skill level 15 in Fighting
 30102 | Shoals:2 | Noticed Nikola
 30114 | Shoals:2 | Killed Nikola
 30114 | Shoals:2 | Reached skill level 1 in Summonings
 30861 | Shoals:3 | Reached XP level 18. HP: 84/119 MP: 3/34
 31330 | Shoals:4 | Entered Level 4 of the Shoals
 31570 | Shoals:4 | Got a barnacled rune of Zot
 31867 | Shoals:4 | Reached skill level 10 in Fire Magic
 31891 | Shoals:4 | Noticed Polyphemus
 31903 | Shoals:4 | Killed Polyphemus
 32691 | Shoals:4 | Learned a level 6 spell: Statue Form
 33039 | Shoals:4 | Identified the Almanac of Clay
 33079 | Shoals:4 | Identified Sif Muna's Guide on Lucky Calling
 33396 | Snake:1  | Entered Level 1 of the Snake Pit
 33397 | Snake:1  | Noticed Donald
 33400 | Snake:1  | Noticed Josephine
 33406 | Snake:1  | Killed Donald
 33406 | Snake:1  | Killed Josephine
 33507 | Snake:1  | Noticed Aizul
 33522 | Snake:1  | Killed Aizul
 33522 | Snake:1  | Reached XP level 19. HP: 124/124 MP: 3/35
 33882 | Snake:1  | Noticed Kirke
 33889 | Snake:1  | Killed Kirke
 34480 | Snake:2  | Found Ciac's Gadget Shoppe.
 34497 | Snake:2  | Bought a wand of paralysis (6) for 168 gold pieces
 34588 | Snake:2  | Found Puifor's Antique Weapon Shoppe.
 34848 | Snake:2  | Found Ecaiblakh's Weapon Shoppe.
 34912 | Snake:2  | Found Ecsayfoi's Armour Shop.
 36333 | Snake:4  | Entered Level 4 of the Snake Pit
 36336 | Snake:4  | Found a flickering gateway to a bazaar.
 36346 | Bazaar   | Entered a bazaar
 36346 | Bazaar   | Found Nimn's General Store.
 36353 | Bazaar   | Found Luymp's Distillery.
 36361 | Bazaar   | Found Vippyton's Antique Weapon Boutique.
 36372 | Bazaar   | Found Poascheu's Antique Armour Emporium.
 36383 | Bazaar   | Found Yroxt's Gadget Shop.
 36420 | Bazaar   | Bought the -2 hat of the Alchemist {rElec rPois rF+ rC+ rN+
                  | MR+ rMut rCorr} for 424 gold pieces
 36420 | Bazaar   | Found the -2 hat of the Alchemist {rElec rPois rF+ rC+ rN+
                  | MR+ rMut rCorr}
 36420 | Bazaar   | Bought a scroll of enchant armour for 67 gold pieces
 36420 | Bazaar   | Bought a wand of acid (5) for 162 gold pieces
 36446 | Bazaar   | Bought a potion of heal wounds for 80 gold pieces
 36446 | Bazaar   | Bought a potion of magic for 128 gold pieces
 36446 | Bazaar   | Bought a potion of invisibility for 128 gold pieces
 36446 | Bazaar   | Bought a potion of heal wounds for 80 gold pieces
 36446 | Bazaar   | Bought 2 potions of haste for 320 gold pieces
 36446 | Bazaar   | Bought 2 potions of mutation for 256 gold pieces
 36843 | Snake:4  | Learned a level 8 spell: Ignition
 38230 | Snake:4  | Reached XP level 20. HP: 90/129 MP: 2/37
 38494 | Snake:4  | Got a serpentine rune of Zot
 38876 | Elf:1    | Entered Level 1 of the Elven Halls
 39036 | Elf:1    | Found a portal to a secret trove of treasure.
 39331 | Elf:1    | Noticed Agnes
 39340 | Elf:1    | Killed Agnes
 39900 | Elf:2    | Identified the +6 scale mail "Isosh" {+Inv rC- Str+2 Int+6}
 40019 | Elf:2    | Reached skill level 15 in Spellcasting
 40248 | Elf:2    | Noticed Saint Roka
 40255 | Elf:2    | Killed Saint Roka
 40398 | Elf:2    | Found a runed translucent gate.
 40398 | Elf:2    | Found a runed translucent gate.
 40399 | Elf:2    | Found a runed translucent gate.
 40832 | Elf:3    | Entered Level 3 of the Elven Halls
 40835 | Elf:3    | Reached skill level 15 in Fire Magic
 41010 | Elf:3    | Identified the +2 trident of the Equinox {flame, rPois rF+}
 41169 | Elf:3    | Noticed Mara
 41178 | Elf:3    | Killed Mara
 41178 | Elf:3    | Reached XP level 21. HP: 111/134 MP: 6/41
 41359 | Elf:3    | Found a large runed translucent door.
 41359 | Elf:3    | Found a large runed translucent door.
 41360 | Elf:3    | Identified the cursed +1 falchion of Uthrysa {protect,
                  | +Rage rF+++ MR+++ Str-2}
 41360 | Elf:3    | Noticed mopl's ghost (adept HaHu)
 41444 | Elf:3    | Killed mopl's ghost
 42067 | Elf:3    | Identified the ring of Beogh's Esteem {rPois rCorr}
 42083 | Elf:3    | Identified the cursed +3 scimitar of Conservatism {speed,
                  | rPois rC- Int+2}
 42192 | Elf:3    | Identified the +5 short sword of the Enchanted Forest
                  | {venom, rN+ MR++ Stlth+}
 42546 | Elf:3    | Identified the Disquisition on Damaging Calling
 42555 | Elf:3    | Identified the Grimoire of Flamy Transmutation
 42745 | Orc:2    | Bought a book of Enchantments for 700 gold pieces
 42752 | Orc:2    | Learned a level 6 spell: Deflect Missiles
 42908 | Vaults:1 | Entered Level 1 of the Vaults
 42972 | Vaults:1 | Reached skill level 1 in Charms
 43353 | Vaults:1 | Noticed a lich
 43457 | Vaults:1 | Reached XP level 22. HP: 98/140 MP: 17/44
 45274 | Vaults:2 | Found Jyddauca's Food Boutique.
 45521 | Vaults:2 | Found Ijionusu's General Store.
 45844 | Vaults:2 | Found a staircase to the Crypt.
 47032 | Vaults:3 | Reached XP level 23. HP: 138/144 MP: 32/47
 49849 | Vaults:4 | Noticed Frederick
 49858 | Vaults:4 | Killed Frederick
 50648 | Slime:1  | Entered Level 1 of the Pits of Slime
 51635 | Slime:4  | Reached XP level 24. HP: 150/150 MP: 24/48
 51805 | Slime:5  | Entered Level 5 of the Pits of Slime
 51924 | Slime:5  | Noticed the Royal Jelly
 51929 | Slime:5  | Killed the Royal Jelly
 52295 | Slime:5  | Identified the +6 war axe of Luxury {drain, *Corrode rC+
                  | rN++ Stlth+}
 52295 | Slime:5  | Identified the +2 triple sword "Stringbean" {vorpal, rElec
                  | Stlth+}
 52342 | Slime:5  | Got a slimy rune of Zot
 52345 | Slime:5  | Identified the Reference Book on Shifting Combat Magic
 52346 | Slime:5  | Identified the ring "Giethe" {Str+3 Stlth+}
 52375 | Slime:5  | Identified the +8 scythe of the Warrior-Mage {protect, rN+
                  | Int+2 SInv}
 52757 | Depths:1 | Entered Level 1 of the Depths
 53211 | Depths:1 | Found a snail-covered altar of Cheibriados.
 53369 | Depths:1 | Identified the amulet of the Real Monster {Faith Int+2
                  | Dex+6}
 53376 | Depths:1 | Reached skill level 15 in Earth Magic
 53634 | Depths:1 | Identified a +0 pair of boots of running (You found it on
                  | level 1 of the Depths)
 53687 | Depths:1 | Reached XP level 25. HP: 155/155 MP: 21/49
 54425 | Depths:1 | Identified the +5 mace of Qazlal's Anger {holy, rN+ Str+4
                  | Dex+3}
 54426 | Depths:1 | Found a gateway to Hell.
 54427 | Depths:1 | Identified the cursed +1 war axe of Ivosm {vorpal, rPois
                  | Dex+2}
 54676 | Depths:2 | Found a gateway to a ziggurat.
 55513 | Depths:2 | Identified the +2 hunting sling of Punishment {vorpal,
                  | +Blink MP+9}
 55513 | Depths:2 | Found the +9 staff of Wucad Mu {channel}
 55685 | Depths:2 | Identified Wuvockua's Compendium of Helpful Transformation
 56742 | Depths:3 | Reached skill level 10 in Evocations
 56751 | Depths:3 | Reduced skill Poison Magic to level 5
 57862 | Depths:3 | Found a one-way gate leading to the halls of Pandemonium.
 57923 | Depths:3 | Reached XP level 26. HP: 160/160 MP: 46/49
 57926 | Depths:3 | Identified the +2 demon blade of Xyryll {drain, rN+ Int+2}
 58079 | Depths:3 | Noticed Asterion
 58090 | Depths:3 | Killed Asterion
 58315 | Depths:3 | Noticed Mennas
 58499 | Depths:3 | Found a glowing silver altar of Zin.
 58507 | Depths:3 | Noticed Xtahua
 58512 | Depths:3 | Killed Mennas
 58515 | Depths:3 | Killed Xtahua
 58715 | Depths:3 | Identified the +2 buckler of the Echidna {rC+ rN+ Int+2}
 59152 | Depths:3 | Learned a level 9 spell: Shatter
 59158 | Depths:3 | Learned a level 5 spell: Aura of Abjuration
 59167 | Depths:3 | Learned a level 8 spell: Necromutation
 59320 | Depths:4 | Found a one-way gate to the infinite horrors of the Abyss.
 59320 | Depths:4 | Noticed Louise
 59326 | Depths:4 | Killed Louise
 59339 | Depths:4 | Reduced skill Shields to level 1
 59895 | Depths:4 | Found Ogeas's Distillery.
 59917 | Depths:4 | Identified the cursed +0 war axe of Currency {freeze, rPois
                  | rF+}
 60114 | Depths:4 | Bought a potion of brilliance for 48 gold pieces
 60114 | Depths:4 | Bought a potion of resistance for 120 gold pieces
 60114 | Depths:4 | Bought a potion of resistance for 120 gold pieces
 60114 | Depths:4 | Bought a potion of brilliance for 48 gold pieces
 60114 | Depths:4 | Bought a potion of ambrosia for 96 gold pieces
 60114 | Depths:4 | Bought a potion of invisibility for 96 gold pieces
 60114 | Depths:4 | Bought a potion of haste for 120 gold pieces
 60628 | Depths:4 | Found a bloodstained altar of Trog.
 60742 | Depths:5 | Entered Level 5 of the Depths
 61194 | Depths:5 | Noticed a juggernaut
 61259 | Depths:5 | Killed a juggernaut
 61277 | Depths:5 | Reached XP level 27. HP: 165/165 MP: 17/49
 61482 | Depths:5 | Reached skill level 1 in Necromancy
 61956 | Depths:5 | Found a gate to the Realm of Zot.
 61965 | Depths:5 | Reduced skill Poison Magic to level 1
 63042 | Vaults:5 | Entered Level 5 of the Vaults
 63044 | Vaults:5 | Reached skill level 5 in Necromancy
 63463 | Vaults:5 | Noticed an ancient lich
 63468 | Vaults:5 | Killed an ancient lich
 63597 | Vaults:5 | Identified the ring of Gemir {Wiz rElec Dex+7}
 64415 | Vaults:5 | Learned a level 8 spell: Lehudib's Crystal Spear
 64424 | Vaults:5 | Learned a level 7 spell: Orb of Destruction
 64570 | Vaults:5 | Got a silver rune of Zot
 65065 | Vaults:5 | Identified the Grimoire of Aerial Evil
 65104 | Vaults:5 | Reached skill level 10 in Conjurations
 65765 | Hell     | Entered the Vestibule of Hell
 65765 | Hell     | Noticed Geryon
 65976 | Hell     | Reached skill level 5 in Transmutations
 66124 | Hell     | Killed Geryon
 66471 | Elf:1    | You paid a toll of the horn of Geryon to enter a treasure
                  | trove
 66472 | Trove    | Entered a treasure trove
 66478 | Trove    | Identified the cursed ring "Joivos" {rPois MR+ Str+4 Dex+3}
 66478 | Trove    | Identified the cursed amulet "Sudiuc" {+Rage Dex+5}
 66478 | Trove    | Identified the cursed ring of Woxiaxty {rN++ EV+3}
 66478 | Trove    | Identified the cursed amulet of Cizagusa {Spirit +Blink
                  | Str+3}
 66480 | Trove    | Got the cursed pair of boots of Submission {rN+}
 66837 | Zig:1    | Entered Level 1 of a ziggurat
 66932 | Zig:2    | Entered Level 2 of a ziggurat
 66932 | Zig:2    | Identified the ring of Qipas {Str+8 Dex+2 SInv Stlth-}
 66983 | Zig:3    | Entered Level 3 of a ziggurat
 66983 | Zig:3    | Identified the ring of Zecuidod {rF- rN+ Int+8}
 67034 | Zig:4    | Entered Level 4 of a ziggurat
 67086 | Zig:4    | Identified the Tome of Clay and Good Luck
 67093 | Zig:5    | Entered Level 5 of a ziggurat
 67099 | Zig:5    | Identified the +7 whip of Demonkind {antimagic, Fragile
                  | +Inv +Fly rN+}
 67158 | Zig:6    | Entered Level 6 of a ziggurat
 67163 | Zig:6    | Noticed a Killer Klown
 67166 | Zig:6    | Killed a Killer Klown
 67229 | Zig:7    | Entered Level 7 of a ziggurat
 67232 | Zig:7    | Noticed a Killer Klown
 67233 | Zig:7    | Noticed Raviheq the pandemonium lord
 67235 | Zig:7    | Found the +9 scales of the Dragon King {rPois rF+ rC+ MR+}
 67237 | Zig:7    | Killed Raviheq the pandemonium lord
 67237 | Zig:7    | Reached skill level 10 in Necromancy
 67239 | Zig:7    | Killed a Killer Klown
 67311 | Zig:7    | Learned a level 5 spell: Irradiate
 67321 | Zig:7    | Learned a level 8 spell: Borgnjor's Revivification
 67322 | Zig:8    | Entered Level 8 of a ziggurat
 67332 | Zig:8    | Reached skill level 10 in Transmutations
 67426 | Zig:8    | Identified the cursed ring "Evoidghe" {rElec Str-4 Int+2
                  | Dex+2 Slay+3} (You acquired it on level 8 of a ziggurat)
 67427 | Zig:8    | Identified the cursed +3 shield "Ysoequm" {rN+ Regen+
                  | Str-4} (You acquired it on level 8 of a ziggurat)
 67437 | Zig:8    | Identified The Lost Secrets of Spellweaving
 67445 | Zig:9    | Entered Level 9 of a ziggurat
 67454 | Zig:9    | Identified the +6 dire flail of Bodily Harmony {pain, -Tele
                  | Int+3 SInv Stlth+}
 67518 | Zig:9    | Identified Luepsirph's Incunabulum of the Traveller and
                  | Changing
 67538 | Zig:10   | Entered Level 10 of a ziggurat
 67664 | Zig:11   | Entered Level 11 of a ziggurat
 67862 | Zig:11   | Found the +3 Elemental Staff {rElec rF++ rC++ MR++ AC+5}
 67862 | Zig:11   | Found the +6 shillelagh "Devastator" {shatter}
 67866 | Zig:11   | Identified the +5 great sword of the Shining Light {speed,
                  | rPois rC+ Stlth-}
 67892 | Zig:11   | Identified the Guide on Earthen Transmigration
 67906 | Zig:12   | Entered Level 12 of a ziggurat
 67914 | Zig:12   | Noticed a greater mummy
 67918 | Zig:12   | Killed a greater mummy
 67918 | Zig:12   | Noticed a greater mummy
 67919 | Zig:12   | Noticed a greater mummy
 67932 | Zig:12   | Killed a greater mummy
 67942 | Zig:12   | Killed a greater mummy
 68119 | Zig:12   | Identified the cursed ring "Lejuemir" {AC-3 Stlth+}
 68121 | Zig:12   | Identified the +8 hand axe "Kiow" {vamp, +Inv rF- Dex+4}
 68148 | Zig:13   | Entered Level 13 of a ziggurat
 68260 | Zig:13   | Found the +9 sword of Zonguldrok {reap}
 68261 | Zig:13   | Found the +12 glaive of Prune {vorpal}
 68261 | Zig:13   | Found the cursed necklace of Bloodlust {*Rage +Rage MR++
                  | Int-3 Slay+6 *Curse}
 68261 | Zig:13   | Identified the +10 hand crossbow of Embarrassment {freeze,
                  | +Inv rElec rC- rN++}
 68262 | Zig:13   | Identified the ring "Uvoigh" {rN+++ MR+ Dex+4 Slay-2}
 68322 | Zig:14   | Entered Level 14 of a ziggurat
 68551 | Zig:14   | Got the uncursed pair of boots "Qiager" {MR++ Str-2 Int+2}
 69061 | Crypt:1  | Entered Level 1 of the Crypt
 69648 | Crypt:1  | Found a basalt altar of Yredelemnul.
 70452 | Crypt:2  | Found an ancient bone altar of Kikubaaqudgha.
 70515 | Crypt:2  | Noticed Jory
 70587 | Crypt:2  | Killed Jory
 70587 | Crypt:2  | Reduced skill Stealth to level 5
 71716 | Crypt:3  | Entered Level 3 of the Crypt
 71951 | Crypt:3  | Found an ancient bone altar of Kikubaaqudgha.
 72189 | Crypt:3  | Identified the ring "Texzaj" {+Blink rF+++ rN+ Str-2 Dex+4}
 72191 | Crypt:3  | Found the +3 crown of Dyrovepreva {rElec Int+2 SInv}
 72749 | Crypt:3  | Noticed Khufu
 72756 | Crypt:3  | Killed Khufu
 72947 | Crypt:3  | Identified the ring "Zoil" {rF+ rN+}
 72947 | Crypt:3  | Identified the ring "Igulat" {rN+ Int+2}
 72971 | Crypt:3  | Identified the +6 hand axe "Woru" {vorpal, *Slow rPois
                  | Str+3}
 72972 | Crypt:3  | Identified the cursed +1 robe of Vihyot {rPois Int+3}
 73018 | Crypt:3  | Found a staircase to the Tomb.
 73266 | Crypt:3  | Identified the Catalogue of Darkness
 73743 | Zot:1    | Entered Level 1 of the Realm of Zot
 75772 | Zot:2    | Identified the cursed +1 robe of Ashenzari {Stlth+} (You
                  | bought it in a shop on level 8 of the Dungeon)
 75772 | Zot:2    | Identified the +1 leather armour of Fallacy {-Cast rN+++
                  | MP+9 Stlth+} (You found it on level 13 of the Dungeon)
 75772 | Zot:2    | Identified the +4 ring mail "Tumeewn" {Str+3 Int+3}
 75772 | Zot:2    | Identified the +2 scale mail of Inaction {Dex+2} (You found
                  | it on level 5 of the Pits of Slime)
 75772 | Zot:2    | Identified the cursed +0 leather armour of Dithmenos's
                  | Vengeance {Slay+2}
 76759 | Zot:3    | Reached skill level 15 in Necromancy
 76761 | Zot:3    | Reached skill level 27 in Spellcasting
 78231 | Zot:4    | Reduced skill Stealth to level 1
 80160 | Tomb:1   | Entered Level 1 of the Tomb of the Ancients
 80939 | Tomb:1   | Noticed a greater mummy
 80945 | Tomb:1   | Killed a greater mummy
 80945 | Tomb:1   | Reached skill level 15 in Conjurations
 80960 | Tomb:1   | Noticed a greater mummy
 80961 | Tomb:1   | Noticed a greater mummy
 80964 | Tomb:1   | Noticed a greater mummy
 80968 | Tomb:1   | Killed a greater mummy
 80976 | Tomb:1   | Noticed a greater mummy
 81885 | Tomb:1   | Noticed a greater mummy
 81895 | Tomb:1   | Killed a greater mummy
 81902 | Tomb:1   | Noticed a greater mummy
 81923 | Tomb:1   | Killed a greater mummy
 81936 | Tomb:1   | Killed a greater mummy
 82060 | Tomb:1   | Killed a greater mummy
 82082 | Tomb:1   | Killed a greater mummy
 82181 | Tomb:1   | Noticed a greater mummy
 82209 | Tomb:1   | Killed a greater mummy
 82259 | Tomb:1   | Learned a level 9 spell: Fire Storm
 82343 | Tomb:1   | Noticed a greater mummy
 82343 | Tomb:1   | Noticed a greater mummy
 82346 | Tomb:1   | Noticed a greater mummy
 82348 | Tomb:1   | Killed a greater mummy
 82348 | Tomb:1   | Killed a greater mummy
 82348 | Tomb:1   | Noticed a greater mummy
 82413 | Tomb:1   | Killed a greater mummy
 82433 | Tomb:1   | Killed a greater mummy
 82579 | Tomb:1   | Noticed a greater mummy
 82589 | Tomb:1   | Killed a greater mummy
 82645 | Tomb:1   | Noticed a greater mummy
 82650 | Tomb:1   | Killed a greater mummy
 82846 | Tomb:1   | Noticed a greater mummy
 82849 | Tomb:1   | Killed a greater mummy
 83241 | Tomb:3   | Entered Level 3 of the Tomb of the Ancients
 83254 | Tomb:3   | Noticed a greater mummy
 83256 | Tomb:3   | Noticed a greater mummy
 83257 | Tomb:3   | Killed a greater mummy
 83257 | Tomb:3   | Killed a greater mummy
 83261 | Tomb:3   | Found the +9 staff of Olgreb {rPois∞}
 83277 | Tomb:3   | Noticed a greater mummy
 83280 | Tomb:3   | Noticed a greater mummy
 83284 | Tomb:3   | Killed a greater mummy
 83284 | Tomb:3   | Reached skill level 15 in Dodging
 83284 | Tomb:3   | Killed a greater mummy
 83293 | Tomb:3   | Noticed an ancient lich
 83310 | Tomb:2   | Killed an ancient lich
 83462 | Tomb:3   | Noticed a greater mummy
 83467 | Tomb:3   | Killed a greater mummy
 83486 | Tomb:3   | Noticed a greater mummy
 83491 | Tomb:3   | Noticed a greater mummy
 83493 | Tomb:3   | Killed a greater mummy
 83499 | Tomb:3   | Killed a greater mummy
 83697 | Tomb:3   | Identified the Almanac of Hexes
 83703 | Tomb:3   | Identified Opaham's Disquisition on Toxins
 83866 | Tomb:3   | Identified the Incunabulum of Venomous Translocation
 83886 | Tomb:3   | Identified the Compendium of Confrontation and Poisoning
 84005 | Tomb:3   | Noticed a greater mummy
 84017 | Tomb:3   | Killed a greater mummy
 84141 | Tomb:3   | Identified the -1 helmet of Quhekk {Int+4 Dex+4}
 84222 | Tomb:3   | Got a golden rune of Zot
 84301 | Zig:1    | Entered Level 1 of a ziggurat
 84301 | Zig:1    | Noticed a Killer Klown
 84305 | Zig:1    | Killed a Killer Klown
 84356 | Zig:2    | Entered Level 2 of a ziggurat
 84402 | Zig:2    | Identified the cursed +2 pair of boots of Submission {rN+}
                  | (You found it in a treasure trove)
 84404 | Zig:3    | Entered Level 3 of a ziggurat
 84478 | Zig:4    | Entered Level 4 of a ziggurat
 84534 | Zig:5    | Entered Level 5 of a ziggurat
 84540 | Zig:5    | Found the +27 Lear's hauberk
 84577 | Zig:6    | Entered Level 6 of a ziggurat
 84582 | Zig:6    | Identified the +2 chain mail "Lexelere" {rCorr Str+2}
 84654 | Zig:7    | Entered Level 7 of a ziggurat
 84660 | Zig:7    | Noticed a shard shrike
 84661 | Zig:7    | Identified a +1 pair of boots of running
 84661 | Zig:7    | Identified the ring of Dapnuuz {rPois rN++ Str-3}
 84661 | Zig:7    | Killed a shard shrike
 84661 | Zig:7    | Reached skill level 5 in Translocations
 84721 | Zig:8    | Entered Level 8 of a ziggurat
 84730 | Zig:8    | Identified the ring of Ommouke {*Tele MR+ Int-4 Dex+3
                  | Stlth+}
 84734 | Zig:8    | Identified the cursed ring of Cogaf {rC+ Int-3 Slay+5
                  | Stlth+}
 84809 | Zig:9    | Entered Level 9 of a ziggurat
 84818 | Zig:9    | Noticed a shard shrike
 84820 | Zig:9    | Killed a shard shrike
 84898 | Zig:10   | Entered Level 10 of a ziggurat
 84910 | Zig:10   | Found the amulet of the Air {Inacc +Fly rElec EV+5 RMsl}
 84910 | Zig:10   | Found the +7 great mace "Undeadhunter" {disrupt, rN+}
 84991 | Zig:10   | Identified the Grimoire of Black Rituals
 85054 | Zig:11   | Entered Level 11 of a ziggurat
 85226 | Zig:11   | Learned a level 8 spell: Controlled Blink
 85237 | Zig:12   | Entered Level 12 of a ziggurat
 85253 | Zig:12   | Identified the ring of Vajun {rF++ rN+ MP+9 Int+4}
 85368 | Zig:12   | Identified the cursed +3 shield "Bankixaw" {Int+4 Dex+3}
                  | (You acquired it on level 12 of a ziggurat)
 85404 | Zig:13   | Entered Level 13 of a ziggurat
 85572 | Zig:13   | Identified the +5 plate armour "Kiunu" {rElec rPois}
 85580 | Zig:13   | Identified the Collected Works on the Frostbite and Flight
 85589 | Zig:13   | Identified Fekk's Handbook of Lucky Summoning
 85623 | Zig:14   | Entered Level 14 of a ziggurat
 85638 | Zig:14   | Identified the cursed +0 plate armour "Xarus" {rC+ Dex+3
                  | Stlth+}
 85638 | Zig:14   | Identified the +1 ring mail "Layh" {Str+4 Slay+2}
 85638 | Zig:14   | Reached skill level 10 in Translocations
 85773 | Zig:14   | Identified the Catalogue of Earthen Unholy Rites
 85826 | Zig:15   | Entered Level 15 of a ziggurat
 85844 | Zig:15   | Reached skill level 15 in Evocations
 85849 | Zig:15   | Identified the ring "Xoed" {+Fly rPois Stlth-}
 85938 | Zig:15   | Identified Ocuv's Tome of the Congealing Birds
 85979 | Zig:16   | Entered Level 16 of a ziggurat
 85993 | Zig:16   | Noticed an ancient lich
 85997 | Zig:16   | Killed an ancient lich
 86177 | Zig:17   | Entered Level 17 of a ziggurat
 86194 | Zig:17   | Noticed a shard shrike
 86197 | Zig:17   | Killed a shard shrike
 86366 | Zig:18   | Entered Level 18 of a ziggurat
 86389 | Zig:18   | Identified the ring of the Cicada {+Fly rElec rF+ rC+
                  | Dex-3}
 86395 | Zig:18   | Found the +2 shield of Resistance {rF+ rC+ MR+}
 86484 | Zig:18   | Identified Sif Muna's Guide on Twisted Attacks
 86551 | Zig:19   | Entered Level 19 of a ziggurat
 86731 | Zig:19   | Identified the +1 scale mail of Inihom {*Slow rCorr Slay+3}
 86732 | Zig:19   | Identified the ring of Racwah {rN+ MR+ Int+3 SInv Stlth-}
 86737 | Zig:19   | Identified the Guide on the Creative Frostbite
 86748 | Zig:19   | Identified the Reference Book on Enchanting Orientation
 86751 | Zig:19   | Identified the Volume of Arcane Weapons
 86786 | Zig:20   | Entered Level 20 of a ziggurat
 86815 | Zig:20   | Identified the cursed +0 ice dragon scales of the Dwarven
                  | Hall {rF- rC++ MR++ Str+6}
 86906 | Zig:20   | Identified the Volume of the Toxic Rocks
 86947 | Zig:20   | Identified Milemp's Papyrus of Clay and Moulding
 86954 | Zig:20   | Identified the Catalogue of Hexes
 87003 | Zig:21   | Entered Level 21 of a ziggurat
 87222 | Zig:21   | Identified the +2 leather armour "Igrusorr" {rCorr Dex+2}
 87222 | Zig:21   | Identified the amulet "Wyuck" {Spirit rC+ SInv}
 87249 | Zig:21   | Identified the Papyrus of the Frigorific Entourage
 87306 | Zig:21   | Got the spear of Domination {antimagic, +Blink +Fly Stlth-}
 87310 | Zig:22   | Entered Level 22 of a ziggurat
 87473 | Zig:22   | Identified the ring of Xom's Delight {rPois rC+ Str-5 Dex-2
                  | SInv}
 87511 | Zig:22   | Identified the Catalogue of Ashen Snow
 87567 | Zig:23   | Entered Level 23 of a ziggurat
 87837 | Zig:24   | Entered Level 24 of a ziggurat
 87853 | Zig:24   | Noticed an orb of fire
 87853 | Zig:24   | Noticed an orb of fire
 87856 | Zig:24   | Noticed an orb of fire
 87856 | Zig:24   | Noticed an orb of fire
 87856 | Zig:24   | Noticed an orb of fire
 87856 | Zig:24   | Noticed an orb of fire
 87856 | Zig:24   | Noticed an orb of fire
 87857 | Zig:24   | Noticed an orb of fire
 87857 | Zig:24   | Noticed an orb of fire
 87857 | Zig:24   | Noticed an orb of fire
 87858 | Zig:24   | Identified the +2 leather armour "Rofihuf" {Stlth+}
 87858 | Zig:24   | Found the +8 Wrath of Trog {antimagic, *Rage}
 87860 | Zig:25   | Entered Level 25 of a ziggurat
 88288 | Zig:26   | Entered Level 26 of a ziggurat
 88307 | Zig:26   | Noticed a shard shrike
 88309 | Zig:26   | Noticed a shard shrike
 88312 | Zig:26   | Noticed a shard shrike
 88315 | Zig:26   | Killed a shard shrike
 88315 | Zig:26   | Killed a shard shrike
 88318 | Zig:26   | Killed a shard shrike
 88318 | Zig:26   | Noticed a shard shrike
 88319 | Zig:26   | Noticed a shard shrike
 88320 | Zig:26   | Killed a shard shrike
 88321 | Zig:26   | Killed a shard shrike
 88336 | Zig:26   | Noticed a shard shrike
 88336 | Zig:26   | Noticed a shard shrike
 88338 | Zig:26   | Found the +5 demon whip "Spellbinder" {antimagic, MR+}
 88339 | Zig:26   | Killed a shard shrike
 88339 | Zig:26   | Killed a shard shrike
 88480 | Zig:26   | Identified the ring of Yhoikhosch {rF+ Str+2 Int-5 Dex+6}
 88649 | Zig:27   | Entered Level 27 of a ziggurat
 88663 | Zig:27   | Noticed a juggernaut
 88663 | Zig:27   | Noticed a juggernaut
 88667 | Zig:27   | Noticed a juggernaut
 88669 | Zig:27   | Noticed a juggernaut
 88672 | Zig:27   | Noticed a juggernaut
 88672 | Zig:27   | Noticed a juggernaut
 88673 | Zig:27   | Killed a juggernaut
 88673 | Zig:27   | Killed a juggernaut
 88673 | Zig:27   | Killed a juggernaut
 88673 | Zig:27   | Killed a juggernaut
 88673 | Zig:27   | Noticed a juggernaut
 88674 | Zig:27   | Noticed a juggernaut
 88674 | Zig:27   | Noticed a juggernaut
 88675 | Zig:27   | Killed a juggernaut
 88675 | Zig:27   | Killed a juggernaut
 88676 | Zig:27   | Killed a juggernaut
 88676 | Zig:27   | Killed a juggernaut
 88680 | Zig:27   | Killed a juggernaut
 88685 | Zig:27   | Noticed a juggernaut
 88685 | Zig:27   | Noticed a juggernaut
 88686 | Zig:27   | Noticed a juggernaut
 88687 | Zig:27   | Killed a juggernaut
 88688 | Zig:27   | Noticed a juggernaut
 88689 | Zig:27   | Killed a juggernaut
 88689 | Zig:27   | Noticed a juggernaut
 88690 | Zig:27   | Killed a juggernaut
 88690 | Zig:27   | Noticed a juggernaut
 88691 | Zig:27   | Killed a juggernaut
 88691 | Zig:27   | Noticed a juggernaut
 88693 | Zig:27   | Killed a juggernaut
 88695 | Zig:27   | Killed a juggernaut
 88697 | Zig:27   | Killed a juggernaut
 88717 | Zig:27   | Identified the +2 plate armour of Qerhuor {rF+}
 88865 | Zig:27   | Reached skill level 27 in Fighting
 88883 | Zig:27   | Identified Sif Muna's Incunabulum of the Escort and
                  | Execration
 89523 | Depths:3 | Gained mutation: You are surrounded by a mild repulsion
                  | field. (EV +2) [potion of mutation]
 89523 | Depths:3 | Gained mutation: You are occasionally teleported next to
                  | monsters. [potion of mutation]
 89523 | Depths:3 | Gained mutation: You are surrounded by a moderate repulsion
                  | field. (EV +3) [potion of mutation]
 89524 | Depths:3 | Lost mutation: You are surrounded by a moderate repulsion
                  | field. (EV +3) [potion of mutation]
 89524 | Depths:3 | Gained mutation: Your body sometimes deteriorates upon
                  | taking damage. [potion of mutation]
 89524 | Depths:3 | Gained mutation: You are dopey. (Int -2) [potion of
                  | mutation]
 89524 | Depths:3 | Gained mutation: You are partially covered in molten
                  | scales. (AC +2) [potion of mutation]
 89525 | Depths:3 | Lost mutation: You are dopey. (Int -2) [potion of mutation]
 89525 | Depths:3 | Lost mutation: You are surrounded by a mild repulsion
                  | field. (EV +2) [potion of mutation]
 89525 | Depths:3 | Lost mutation: You are occasionally teleported next to
                  | monsters. [potion of mutation]
 89525 | Depths:3 | Gained mutation: Your magical capacity is low. (-10% MP)
                  | [potion of mutation]
 89525 | Depths:3 | Gained mutation: You have a pair of small horns on your
                  | head. [potion of mutation]
 89526 | Depths:3 | Lost mutation: Your body sometimes deteriorates upon taking
                  | damage. [potion of mutation]
 89526 | Depths:3 | Gained mutation: You are clumsy. (Dex -2) [potion of
                  | mutation]
 89526 | Depths:3 | Gained mutation: Your magical capacity is very low. (-20%
                  | MP) [potion of mutation]
 89526 | Depths:3 | Gained mutation: You have sharp fingernails. [potion of
                  | mutation]
 89527 | Depths:3 | Lost mutation: You have a pair of small horns on your head.
                  | [potion of mutation]
 89527 | Depths:3 | Lost mutation: You are clumsy. (Dex -2) [potion of
                  | mutation]
 89527 | Depths:3 | Gained mutation: You are frail. (-10% HP) [potion of
                  | mutation]
 89527 | Depths:3 | Gained mutation: You have a somewhat thin skeletal
                  | structure. (Dex +2, Stealth) [potion of mutation]
 89528 | Depths:3 | Lost mutation: Your magical capacity is very low. (-20% MP)
                  | [potion of mutation]
 89528 | Depths:3 | Lost mutation: You are frail. (-10% HP) [potion of
                  | mutation]
 89528 | Depths:3 | Gained mutation: You are resistant to electric shocks.
                  | (rElec) [potion of mutation]
 89528 | Depths:3 | Gained mutation: You evolve. [potion of mutation]
 89535 | Depths:3 | Lost mutation: Your magical capacity is low. (-10% MP)
                  | [potion of mutation]
 89535 | Depths:3 | Lost mutation: You are partially covered in molten scales.
                  | (AC +2) [potion of mutation]
 89556 | Pan      | Entered Pandemonium
 90140 | Pan      | Found a white marble altar of Elyvilon.
 90752 | Pan      | Noticed a seraph
 90759 | Pan      | Identified the +1 pair of boots "Fuebboxzi" {rF+ MP+9}
 90761 | Pan      | Killed a seraph
 90763 | Pan      | Identified the +9 dire flail of Kismet {holy, Dex+6}
 90763 | Pan      | Identified the ring of the Komodo Dragon {Wiz Int+4}
 90965 | Pan      | Identified the cursed -1 buckler "Empuchip" {rElec rN+++
                  | Int+4}
 91092 | Pan      | Found a glowing golden altar of the Shining One.
 91103 | Pan      | Identified the Grimoire of Scorching Augmentations
 91320 | Pan      | Got a demonic rune of Zot
 91562 | Pan      | Noticed Ukkyweuh the pandemonium lord
 91596 | Pan      | Entered the realm of Gloorx Vloq.
 92453 | Pan      | Got a dark rune of Zot
 92458 | Pan      | Noticed Gloorx Vloq
 92464 | Pan      | Killed Gloorx Vloq
 92919 | Pan      | Entered the realm of Cerebov.
 93096 | Pan      | Identified the cursed +0 plate armour of Dim Light {+Blink
                  | rPois Regen+ Slay+3 Stlth-}
 93096 | Pan      | Identified the amulet of the Raven {+Rage MP+9 Str-2 Int+4}
 93232 | Pan      | Identified the +6 sword of Cerebov {flame}
 93232 | Pan      | Noticed Cerebov
 93255 | Pan      | Killed Cerebov
 93299 | Pan      | Got a fiery rune of Zot
 93587 | Pan      | Entered the realm of Lom Lobon.
 93587 | Pan      | Noticed Lom Lobon
 93681 | Pan      | Found an exit through the horrors of the Abyss.
 94502 | Pan      | Killed Lom Lobon
 94629 | Pan      | Got a magical rune of Zot
 94715 | Pan      | Noticed Harej the pandemonium lord
 94822 | Pan      | Noticed Dawomel the pandemonium lord
 94826 | Pan      | Found an exit through the horrors of the Abyss.
 94840 | Pan      | Entered the realm of Mnoleg.
 94860 | Pan      | Gained mutation: You are frail. (-10% HP) [a neqoxec]
 94898 | Pan      | Lost mutation: You are frail. (-10% HP) [potion of
                  | mutation]
 94898 | Pan      | Lost mutation: You are resistant to electric shocks.
                  | (rElec) [potion of mutation]
 94898 | Pan      | Lost mutation: You evolve. [potion of mutation]
 94898 | Pan      | Gained mutation: You have very sharp teeth. [potion of
                  | mutation]
 94898 | Pan      | Gained mutation: Your movements are slightly less
                  | encumbered by armour. (ER -2) [potion of mutation]
 95106 | Pan      | Noticed Mnoleg
 95120 | Pan      | Killed Mnoleg
 95136 | Pan      | Got a glowing rune of Zot
 95458 | Pan      | Noticed Ignacio
 95466 | Pan      | Killed Ignacio
 95534 | Pan      | Found an exit through the horrors of the Abyss.
 95539 | Pan      | Took an exit into the Abyss.
 95539 | Abyss:1  | Escaped into the Abyss
 95758 | Abyss:3  | Got an abyssal rune of Zot
 95796 | Depths:3 | Escaped the Abyss
 95945 | Hell     | Found a gateway to the ashen valley of Gehenna.
 96026 | Geh:1    | Entered Level 1 of Gehenna
 96090 | Geh:3    | You fall into a shaft and drop 3 floors!
 96115 | Geh:6    | Reached skill level 10 in Air Magic
 96124 | Geh:7    | Entered Level 7 of Gehenna
 96166 | Geh:7    | Identified the ring "Soteuson" {Fire Int+3 Stlth+}
 96376 | Geh:7    | Identified the +7 sceptre of Asmodeus
 96376 | Geh:7    | Noticed Asmodeus
 96450 | Geh:7    | Got an obsidian rune of Zot
 96461 | Geh:7    | Killed Asmodeus
 96538 | Hell     | Gained mutation: You are frail. (-10% HP) [mutagenic glow]
 96627 | Hell     | Lost mutation: You are frail. (-10% HP) [potion of
                  | mutation]
 96627 | Hell     | Lost mutation: Your movements are slightly less encumbered
                  | by armour. (ER -2) [potion of mutation]
 96627 | Hell     | Gained mutation: Your body sometimes deteriorates upon
                  | taking damage. [potion of mutation]
 96668 | Hell     | Found a gateway to the decaying netherworld of Tartarus.
 96687 | Tar:1    | Entered Level 1 of Tartarus
 96922 | Tar:7    | Entered Level 7 of Tartarus
 96965 | Tar:7    | Identified the ring "Fuatah" {+Fly Str+2 Int+2}
 97056 | Tar:7    | Noticed the Serpent of Hell
 97056 | Tar:7    | Noticed Ereshkigal
 97061 | Tar:7    | Killed the Serpent of Hell
 97065 | Tar:7    | Killed Ereshkigal
 97065 | Tar:7    | Reached skill level 15 in Air Magic
 97109 | Tar:7    | Got a bone rune of Zot
 97231 | Hell     | Found a gateway to the freezing wastes of Cocytus.
 97286 | Coc:1    | Entered Level 1 of Cocytus
 97340 | Coc:7    | Entered Level 7 of Cocytus
 97503 | Coc:7    | Found the +15 Maxwell's patent armour {-Cast -Tele rElec
                  | MR+ rCorr}
 97533 | Coc:7    | Identified the ring of Buussoi {+Fly rElec Dex+3 SInv}
 97534 | Coc:7    | Noticed Antaeus
 97550 | Coc:7    | Got an icy rune of Zot
 97575 | Coc:7    | Killed Antaeus
 97747 | Hell     | Found a gateway to the Iron City of Dis.
 97764 | Dis:1    | Entered Level 1 of the Iron City of Dis
 98065 | Dis:4    | You fall into a shaft and drop 2 floors!
 98097 | Dis:7    | Entered Level 7 of the Iron City of Dis
 98641 | Dis:7    | Identified the cursed +0 chain mail of Hubairano {-Cast
                  | rN++ Dex+5}
 98692 | Dis:7    | Identified the amulet "Gidob" {Harm *Drain Int+3}
 98692 | Dis:7    | Identified the cursed +0 plate armour "Uleuluf" {rC++
                  | Str-2}
 98693 | Dis:7    | Found the +8 lance "Wyrmbane" {slay drac, rPois rF+ rC+
                  | AC+3}
 98693 | Dis:7    | Identified the cursed +0 scale mail "Visogou" {Int+3}
 98696 | Dis:7    | Got an iron rune of Zot
 98900 | Zot:5    | Entered Level 5 of the Realm of Zot
 99529 | Zot:5    | Noticed an ancient lich
 99529 | Zot:5    | Noticed an ancient lich
 99533 | Zot:5    | Killed an ancient lich
 99534 | Zot:5    | Killed an ancient lich
 99565 | Zot:5    | Noticed a Killer Klown
 99573 | Zot:5    | Noticed a Killer Klown
 99574 | Zot:5    | Killed a Killer Klown
 99577 | Zot:5    | Killed a Killer Klown
 99659 | Zot:5    | Noticed a Killer Klown
 99663 | Zot:5    | Killed a Killer Klown
 99690 | Zot:5    | Noticed an orb of fire
 99698 | Zot:5    | Killed an orb of fire
 99889 | Zot:5    | Noticed a Killer Klown
 99919 | Zot:5    | Killed a Killer Klown
 99973 | Zot:5    | Noticed a Killer Klown
 99978 | Zot:5    | Killed a Killer Klown
100018 | Zot:5    | Noticed an orb of fire
100019 | Zot:5    | Noticed a Killer Klown
100027 | Zot:5    | Killed a Killer Klown
100032 | Zot:5    | Noticed a Killer Klown
100038 | Zot:5    | Killed a Killer Klown
100038 | Zot:5    | Killed an orb of fire
100052 | Zot:5    | Got the Orb of Zot
100247 | Depths:3 | Noticed Xafohusk the pandemonium lord
100382 | D:13     | Identified the +1 leather armour of Fallacy {-Cast rN+++
                  | MP+9 Stlth+} (You found it on level 13 of the Dungeon)
100403 | D:13     | Noticed Codwoner the pandemonium lord
100413 | D:13     | Killed Codwoner the pandemonium lord
100453 | D:12     | Noticed Fianyotyl the pandemonium lord
100457 | D:12     | Killed Fianyotyl the pandemonium lord
100698 | D:$      | Escaped with the Orb!

Levels and vault maps discovered:
D:1:      lemuel_arrival_cross, layout_basic, minmay_stone_trees_small
D:2:      layout_basic, gammafunk_temple_overflow_forgotten
D:3:      layout_rooms
D:4:      layout_loops_ring, kennysheep_mini_moat, first_ration,
          lightli_ossuary_entry_decrepit_ruins, hex_large
D:5:      layout_layer_cave, minivault_5, chequers_avenue,
          makhleb_altar_promises_db, uniq_grinder
D:6:      layout_basic, lemuel_zombie_altar_yredelemnul,
          yredelemnul_altar_generic
D:7:      layout_cave_pools, nicolae_overflow_crystal_walls, old_standard_altar,
          minmay_temple_entry_tees
D:8:      minmay_distorted_concentric_squares, layout_basic, serial_shops, shop,
          kennysheep_mini
D:9:      layout_roguey, minmay_fire_ice_demons
D:10:     layout_irregular_city, david_lair_generic, david_orc_2, serial_shops,
          nicolae_shop_crystal, uniq_snorg, uniq_erolcha, uniq_maurice
D:11:     layout_irregular_city, basic_altar
D:12:     layout_basic, serial_shops, nicolae_shop_trees, uniq_frances
D:13:     layout_gridville, grunt_vaults_entry_tiered, uniq_sonja
D:14:     layout_stronghold, kennysheep_nondescript, serial_bayou_ford_a,
          the_bakery
D:15:     hangedman_depths_entry_civil_slaughter, layout_basic,
          gauntlet_entry_generic
Lair:1:   layout_misc_corridors
Lair:2:   layout_hall_layers, minmay_shoals_entry_hut,
          minmay_snake_entry_spellcaster, beast_lair_carwin_7,
          lemuel_fruit_fields
Lair:3:   layout_cave_pods
Lair:4:   layout_regular_city, minmay_another_anthill
Lair:5:   layout_cave_pods, slime_altar_1, basic_altar, grunt_megastairs_2
Lair:6:   cheibrodos_lair_end_hotspot, layout_hall_layers,
          gammafunk_ghost_wrathful_warriors
Shoals:1: layout_shoals, wheals_shoals_ruined_temple
Shoals:2: layout_shoals, lightli_airlock, uniq_nikola, uniq_jorgrun
Shoals:3: layout_shoals
Shoals:4: shoals_end_grunt_garden, layout_shoals, uniq_polyphemus
Snake:1:  layout_cave_shapes, lemuel_fruit_tree, uniq_donald, uniq_josephine,
          uniq_kirke, uniq_aizul
Snake:2:  layout_concentric_octagons, serial_shops, shop_coins, shop, shop,
          shop, nrook_guardian_serpent_double
Snake:3:  layout_rooms, serial_bayou_shore_a
Snake:4:  minmay_snake_end_coiled, layout_cave_town, serial_shops,
          bzr_entry_dummy
Slime:1:  layout_caves
Slime:2:  layout_caves, cheibrodos_slime_lost_civilization_7
Slime:3:  layout_caves, cheibrodos_slime_lost_civilization_5
Slime:4:  layout_caves
Slime:5
Orc:1:    layout_caves, basic_altar, uniq_harold
Orc:2:    st_orc_elflike, layout_diamond_mine, basic_altar
Elf:1:    minmay_elf_arrival_plus, layout_loops_corners,
          nicolae_trove_entry_free_sample, minivault_28, uniq_agnes
Elf:2:    layout_onion_city, serial_sigils_hangedman_etch,
          minmay_misc_feat_rows, uniq_saint_roka
Elf:3:    minmay_elf_hall_dome, layout_rooms, ebering_ghost_disaster_area,
          minmay_misc_feat_cross, uniq_mara
Vaults:1: hangedman_vaults_capsules, vaults_room_octagon, st_greater_box_3,
          grunt_vaults_swirl, hangedman_vaults_stagger, vaults_room_fancy_cross,
          nicolae_vaults_yaktaur_gun_rack, vaults_mumra_chevron_long,
          layout_vaults_maze_snakey
Vaults:2: grunt_vaults_diagonal, nicolae_vaults_diagonal_hallway_6,
          ontoclasm_vaults_loading_screen, dpeg_vaults_monster_row, v_misc_14,
          minmay_crypt_entry_vampire_xt, v_misc_15,
          nicolae_vaults_diagonal_hallway_9, layout_vaults_omnigrid,
          serial_shops, nicolae_shop_statue_plus, nicolae_shop_trees
Vaults:3: v_misc_33, vaults_room_fancy_cross, v_alt_pattern_6,
          nicolae_vaults_alarming, nicolae_vaults_ninety_degrees,
          ontoclasm_vaults_twist, v_misc_18, grunt_vaults_trifunnel,
          nicolae_vaults_specimen_jars, st_smaller_cells,
          ontoclasm_vaults_loading_screen, v_misc_15, layout_vaults_omnibox
Vaults:4: nicolae_vaults_asterisk, nicolae_vaults_twisting_passages,
          vaults_room_door_hall, hangedman_vaults_cutoff, v_misc_29,
          nicolae_vaults_shelves_hall, nicolae_vaults_rhombus_5,
          layout_vaults_chaotic_city, uniq_frederick
Vaults:5: serial_shops
Crypt:1:  layout_misc_corridors, lemuel_statue_altar, grunt_crypt_arrival_split
Crypt:2:  layout_misc_corridors, basic_altar, uniq_jory
Crypt:3:  grunt_crypt_end_deaths_head
Tomb:1
Tomb:2
Tomb:3
Depths:1: layout_forbidden_donut, cheibriados_altar_1, lightli_too_deep,
          chequers_serial_rivers_small_a, glass_columns_b, grunt_tough_drop,
          roderic_lattice_octagonal_star
Depths:2: minmay_fractal_lines_corner, layout_honeycomb, enter_ziggurat_a,
          nrook_campfire, hell_entry, hangedman_decor_clover_reticule,
          minmay_hollow_rounded_squares, infiniplex_staircase_door_maze
Depths:3: evilmike_silver_temple, layout_basic, hellmouth_1,
          nrook_pool_corridor, pan_entry, minmay_staircase_statues, uniq_xtahua,
          uniq_asterion
Depths:4: minmay_tri_stars, layout_cave_pools, pan_entry,
          nicolae_abyss_entry_one_way_or_another, lemuel_round_altar,
          pf_coc_iceberg, serial_shops, shop, grunt_ministairs_12
Depths:5: evilmike_zot_entry_argh, layout_cave_pools, hell_entry, minivault_11,
          hangedman_decor_lopped, lightli_fourway_metalbox
Hell
Dis:1:    layout_gridville, grunt_megastairs_3
Dis:2:    layout_chaotic_city
Dis:3:    layout_subdivisions
Dis:4:    layout_gridville
Dis:5:    layout_subdivisions, hangedman_dis_chains
Dis:6:    layout_subdivisions
Dis:7:    iron_city_of_dis [dis_mu, dis_wall_6], layout_chaotic_city,
          nrook_loot_triangle, hangedman_feature_mirror
Geh:1:    layout_gehenna_lava_caves
Geh:2:    layout_gehenna_pools_basic
Geh:3:    layout_gehenna_lava_caves
Geh:6:    layout_gehenna_pools_basic, lemuel_old_faithful
Geh:7:    geh_grunt
Coc:1:    layout_ice_bergs
Coc:2:    layout_cocytus_water_paths
Coc:3:    layout_cocytus_water_paths
Coc:4:    layout_ice_bergs
Coc:5:    layout_cocytus_water_paths
Coc:6:    layout_cocytus_water_paths
Coc:7:    coc_hangedman
Tar:1:    layout_grid_maze, nicolae_tar_cuneiform_water
Tar:2:    layout_grid_maze
Tar:3:    layout_cathedral_of_symmetry, nicolae_tar_cuneiform_heaven,
          nicolae_tar_cuneiform_to_be, lemuel_nasty_pond
Tar:4:    layout_catacombs
Tar:5:    layout_grid_maze
Tar:6:    layout_honeycomb, nicolae_tar_cuneiform_sun
Tar:7:    tar_grunt_cathedral
Zot:1:    layout_basic, zot_minivault_7
Zot:2:    layout_misc_corridors
Zot:3:    nicolae_zot_stationary_front, layout_gridlike
Zot:4:    layout_basic, st_stairs_13
Zot:5:    layout_gridlike

Skill      XL: |  1  2  3  4  5  6  7  8  9 10 11 12 13 14 15 16 17 18 19 20 21 22 23 24 25 26 27 |
---------------+----------------------------------------------------------------------------------+-----
Stealth        | 3 4 5 6 10 0 |  0.0
Air Magic      | 1 3 4 6 7 24 | 24.0
Transmutations | 2 3 10 | 10.8
Dodging        | 3 5 8 10 12 25 | 25.8
Fighting       | 1 2 3 4 5 8 10 11 12 13 15 27 | 27.0
Conjurations   | 1 3 4 5 6 9 23 | 23.7
Spellcasting   | 3 4 5 6 8 10 11 12 13 16 18 20 21 22 27 | 27.0
Poison Magic   | 4 5 7 10 7 3 0 |  0.0
Evocations     | 2 5 9 11 25 | 25.4
Translocations | 1 2 13 | 13.9
Shields        | 2 3 0 |  0.0
Fire Magic     | 2 4 5 7 11 14 15 16 21 | 21.6
Armour         | 4 |  4.0
Earth Magic    | 3 8 10 12 16 19 22 23 | 23.7
Summonings     | 1 |  1.5
Charms         | 2 4 |  4.6
Necromancy     | 16 | 16.1

Action                   |  1- 3 |  4- 6 |  7- 9 | 10-12 | 13-15 | 16-18 | 19-21 | 22-24 | 25-27 || total
-------------------------+-------+-------+-------+-------+-------+-------+-------+-------+-------++-------
Melee: Short sword       |    18 |    22 |       |   120 |   303 |   200 |   136 |    57 |     4 ||   860
       Falchion          |       |    13 |   100 |    35 |       |       |       |       |       ||   148
       Staff             |       |       |       |       |       |       |       |       |   102 ||   102
       Bite              |       |       |       |       |       |       |       |       |     3 ||     3
Throw: Dart              |       |    16 |       |     2 |       |       |       |       |       ||    18
       Throwing net      |       |       |       |       |       |       |       |       |     2 ||     2
 Cast: Sting             |    42 |    39 |    63 |    98 |    73 |       |       |       |       ||   315
       Poisonous Vapours |    11 |    59 |    96 |   150 |    97 |   133 |    34 |       |       ||   580
       Olgreb's Toxic Ra |       |     1 |    14 |    20 |    69 |    72 |    41 |       |       ||   217
       Ignite Poison     |       |       |     8 |    29 |    77 |    80 |    44 |       |       ||   238
       Mephitic Cloud    |       |       |     3 |    13 |    24 |     1 |       |       |       ||    41
       Blink             |       |       |       |     3 |    10 |       |       |       |     3 ||    16
       Iron Shot         |       |       |       |       |     7 |   235 |   231 |   281 |   360 ||  1114
       Bolt of Magma     |       |       |       |       |       |    32 |   107 |    11 |    16 ||   166
       Summon Lightning  |       |       |       |       |       |     4 |     6 |     3 |     6 ||    19
       Statue Form       |       |       |       |       |       |     2 |     1 |       |       ||     3
       Ignition          |       |       |       |       |       |       |    26 |   133 |   651 ||   810
       Deflect Missiles  |       |       |       |       |       |       |     2 |     5 |    17 ||    24
       Apportation       |       |       |       |       |       |       |       |     3 |     7 ||    10
       Lehudib's Crystal |       |       |       |       |       |       |       |       |   903 ||   903
       Shatter           |       |       |       |       |       |       |       |       |   227 ||   227
       Orb of Destructio |       |       |       |       |       |       |       |       |    84 ||    84
       Necromutation     |       |       |       |       |       |       |       |       |    48 ||    48
       Controlled Blink  |       |       |       |       |       |       |       |       |    28 ||    28
       Fire Storm        |       |       |       |       |       |       |       |       |    27 ||    27
       Irradiate         |       |       |       |       |       |       |       |       |    25 ||    25
       Borgnjor's Revivi |       |       |       |       |       |       |       |       |     4 ||     4
Invok: Curse Item        |       |       |       |     6 |     1 |       |     1 |       |     8 ||    16
       Scrying           |       |       |       |       |       |     1 |     1 |       |     1 ||     3
       Transfer Knowledg |       |       |       |       |       |       |       |     1 |     5 ||     6
 Abil: End Transformatio |       |       |       |       |       |       |       |       |     6 ||     6
Evoke: Wand              |       |       |     5 |    12 |     6 |     6 |     3 |     5 |    61 ||    98
       Staff of Wucad Mu |       |       |       |       |       |       |       |       |   506 ||   506
       Sack of spiders   |       |       |       |       |       |       |       |       |     7 ||     7
       Box of beasts     |       |       |       |       |       |       |       |       |    26 ||    26
       Crystal ball of e |       |       |       |       |       |       |       |       |     4 ||     4
       Lightning rod     |       |       |       |       |       |       |       |       |     4 ||     4
       Figurine of a zig |       |       |       |       |       |       |       |       |     1 ||     1
  Use: Scroll            |       |     4 |     8 |    13 |     8 |     3 |     8 |     3 |    85 ||   132
       Potion            |       |       |       |     1 |       |     2 |       |       |   108 ||   111
 Stab: Paralysed         |       |       |    18 |     7 |       |       |       |     3 |     8 ||    36
       Sleeping          |       |       |       |     2 |    10 |       |       |     1 |       ||    13
       Distracted        |       |       |       |       |       |       |     1 |       |     2 ||     3
       Invisible         |       |       |       |       |       |       |       |       |     1 ||     1
  Eat: Chunk             |    12 |    13 |    20 |    21 |    27 |    94 |    45 |    75 |   164 ||   471
       Ration            |       |       |       |       |       |     3 |    30 |     3 |    40 ||    76
Armor: Robe              |     8 |    16 |    16 |    17 |       |       |       |       |       ||    57
       Troll leather arm |       |       |       |    18 |    46 |    40 |    49 |    20 |   366 ||   539
       Skin              |       |       |       |       |       |    11 |     9 |       |       ||    20
Dodge: Dodged            |    35 |    55 |   124 |   284 |   405 |   487 |   435 |   235 |  2457 ||  4517
       Deflected         |       |       |       |       |       |       |     3 |    55 |    83 ||   141
Block: Buckler           |       |       |       |    82 |   159 |   196 |   171 |    93 |    58 ||   759
       Rpst.: Falchion   |       |     4 |    36 |    21 |       |       |       |       |       ||    61

Table legend:
 A = Non-vault XP
 B = Vault XP
 C = Vault XP percentage of total XP
 D = Non-vault monster count
 E = Vault monster count
 F = Vault count percentage of total count
                 A         B        C        D         E       F
            +---------+---------+-------+---------+---------+-------
      Total | 2492792 | 1520656 |  37.9 |    3425 |    1298 |  27.5
            +---------+---------+-------+---------+---------+-------
        D:1 |      23 |       0 |   0.0 |      16 |       0 |   0.0
        D:2 |      86 |       0 |   0.0 |      45 |       0 |   0.0
        D:3 |     117 |       0 |   0.0 |      19 |       0 |   0.0
        D:4 |     566 |       0 |   0.0 |      27 |       0 |   0.0
        D:5 |     438 |     281 |  39.1 |      17 |       1 |   5.6
        D:6 |    1093 |       3 |   0.3 |      26 |       2 |   7.1
        D:7 |    1294 |       0 |   0.0 |      35 |       0 |   0.0
        D:8 |    1017 |    1113 |  52.3 |      24 |       4 |  14.3
        D:9 |    1486 |      60 |   3.9 |      19 |       2 |   9.5
       D:10 |    1482 |    3751 |  71.7 |      19 |      15 |  44.1
       D:11 |    2825 |       0 |   0.0 |      28 |       0 |   0.0
       D:12 |    7438 |    2471 |  24.9 |      31 |       1 |   3.1
       D:13 |    5302 |    8981 |  62.9 |      26 |      26 |  50.0
       D:14 |   16566 |     220 |   1.3 |      39 |       1 |   2.5
       D:15 |   12252 |    4283 |  25.9 |      21 |       6 |  22.2
     Lair:1 |    4117 |       0 |   0.0 |      17 |       0 |   0.0
     Lair:2 |    3604 |    4342 |  54.6 |      16 |      12 |  42.9
     Lair:3 |    3498 |       0 |   0.0 |      16 |       0 |   0.0
     Lair:4 |    6630 |    6166 |  48.2 |      29 |      30 |  50.8
     Lair:5 |   12085 |     350 |   2.8 |      30 |       1 |   3.2
     Lair:6 |   19023 |     145 |   0.8 |      49 |       1 |   2.0
   Shoals:1 |   14892 |    2274 |  13.2 |      30 |       1 |   3.2
   Shoals:2 |   16150 |    6910 |  30.0 |      25 |       2 |   7.4
   Shoals:3 |    9809 |       0 |   0.0 |      23 |       0 |   0.0
   Shoals:4 |   21487 |   29944 |  58.2 |      42 |      43 |  50.6
    Snake:1 |    5445 |    7405 |  57.6 |      12 |       8 |  40.0
    Snake:2 |    2749 |     954 |  25.8 |       6 |       2 |  25.0
    Snake:3 |   17772 |    1917 |   9.7 |      40 |       1 |   2.4
    Snake:4 |   20593 |   22590 |  52.3 |      45 |      40 |  47.1
    Slime:1 |    6651 |       0 |   0.0 |      11 |       0 |   0.0
    Slime:2 |     524 |       0 |   0.0 |       1 |       0 |   0.0
    Slime:3 |    1027 |       0 |   0.0 |       4 |       0 |   0.0
    Slime:4 |   12241 |       0 |   0.0 |      17 |       0 |   0.0
    Slime:5 |   22979 |   34305 |  59.9 |      32 |      11 |  25.6
      Orc:1 |    6357 |     992 |  13.5 |      36 |       1 |   2.7
      Orc:2 |    6868 |    8507 |  55.3 |      63 |      25 |  28.4
      Elf:1 |    6675 |   14168 |  68.0 |      10 |      19 |  65.5
      Elf:2 |   26297 |    7542 |  22.3 |      46 |      17 |  27.0
      Elf:3 |   25251 |   45892 |  64.5 |      37 |      27 |  42.2
   Vaults:1 |   10877 |   41404 |  79.2 |      23 |      48 |  67.6
   Vaults:2 |   49018 |    7757 |  13.7 |      71 |      13 |  15.5
   Vaults:3 |   24961 |   28759 |  53.5 |      36 |      39 |  52.0
   Vaults:4 |   43643 |   13522 |  23.7 |      68 |      14 |  17.1
   Vaults:5 |   39905 |  123633 |  75.6 |      54 |      85 |  61.2
    Crypt:1 |   24181 |       0 |   0.0 |      42 |       0 |   0.0
    Crypt:2 |   30966 |    3708 |  10.7 |      42 |       1 |   2.3
    Crypt:3 |       0 |   79105 | 100.0 |       0 |     128 | 100.0
     Tomb:1 |   19573 |  131822 |  87.1 |      53 |      65 |  55.1
     Tomb:2 |    3607 |   20599 |  85.1 |       6 |      20 |  76.9
     Tomb:3 |   12944 |  116308 |  90.0 |      29 |     102 |  77.9
   Depths:1 |   45165 |    5790 |  11.4 |      49 |       5 |   9.3
   Depths:2 |   40780 |   25954 |  38.9 |      45 |      18 |  28.6
   Depths:3 |   52808 |   26943 |  33.8 |      61 |      18 |  22.8
   Depths:4 |   53781 |   20335 |  27.4 |      56 |      25 |  30.9
   Depths:5 |   30262 |   23818 |  44.0 |      22 |      16 |  42.1
       Hell |   23160 |   27241 |  54.0 |      31 |      45 |  59.2
      Dis:1 |    9124 |       0 |   0.0 |      15 |       0 |   0.0
      Dis:2 |    7910 |     228 |   2.8 |      12 |       1 |   7.7
      Dis:3 |    5817 |       0 |   0.0 |       9 |       0 |   0.0
      Dis:5 |    5397 |       0 |   0.0 |       7 |       0 |   0.0
      Dis:6 |    2217 |       0 |   0.0 |       4 |       0 |   0.0
      Dis:7 |   14935 |   43040 |  74.2 |      28 |      33 |  54.1
      Geh:3 |     381 |       0 |   0.0 |       1 |       0 |   0.0
      Geh:6 |   10721 |       0 |   0.0 |      19 |       0 |   0.0
      Geh:7 |   14196 |   38122 |  72.9 |      32 |      29 |  47.5
      Coc:7 |   14516 |   61202 |  80.8 |      33 |      49 |  59.8
      Tar:1 |    5028 |       0 |   0.0 |      11 |       0 |   0.0
      Tar:3 |     706 |       0 |   0.0 |       3 |       0 |   0.0
      Tar:5 |    2603 |       0 |   0.0 |       9 |       0 |   0.0
      Tar:7 |   23834 |   52140 |  68.6 |      29 |      25 |  46.3
      Zot:1 |   45002 |   35140 |  43.8 |      29 |      17 |  37.0
      Zot:2 |   44318 |       0 |   0.0 |      32 |       0 |   0.0
      Zot:3 |   75208 |   11158 |  12.9 |      44 |       8 |  15.4
      Zot:4 |   69028 |    8589 |  11.1 |      31 |       3 |   8.8
      Zot:5 |   35393 |  121501 |  77.4 |      22 |      34 |  60.7
    Abyss:3 |   17192 |    7508 |  30.4 |      30 |       9 |  23.1
        Pan |  170558 |  218410 |  56.2 |     185 |     127 |  40.7
      Zig:1 |    5840 |       0 |   0.0 |       3 |       0 |   0.0
      Zig:2 |    5704 |    2534 |  30.8 |       5 |       4 |  44.4
      Zig:3 |    4830 |       0 |   0.0 |       6 |       0 |   0.0
      Zig:4 |   10589 |       0 |   0.0 |      11 |       0 |   0.0
      Zig:5 |   14143 |       0 |   0.0 |      13 |       0 |   0.0
      Zig:6 |   22954 |       0 |   0.0 |      16 |       0 |   0.0
      Zig:7 |   33491 |       0 |   0.0 |      17 |       0 |   0.0
      Zig:8 |   20266 |       0 |   0.0 |      26 |       0 |   0.0
      Zig:9 |   24239 |       0 |   0.0 |      36 |       0 |   0.0
     Zig:10 |   28367 |       0 |   0.0 |      38 |       0 |   0.0
     Zig:11 |   42974 |       0 |   0.0 |      42 |       0 |   0.0
     Zig:12 |   50732 |       0 |   0.0 |      73 |       0 |   0.0
     Zig:13 |   42087 |       0 |   0.0 |      55 |       0 |   0.0
     Zig:14 |   53162 |       0 |   0.0 |      68 |       0 |   0.0
     Zig:15 |   32472 |       0 |   0.0 |      38 |       0 |   0.0
     Zig:16 |   41099 |       0 |   0.0 |      29 |       0 |   0.0
     Zig:17 |   24622 |    2784 |  10.2 |      41 |       4 |   8.9
     Zig:18 |   42135 |       0 |   0.0 |      50 |       0 |   0.0
     Zig:19 |   32009 |       0 |   0.0 |      46 |       0 |   0.0
     Zig:20 |   52140 |       0 |   0.0 |      59 |       0 |   0.0
     Zig:21 |   69359 |    2040 |   2.9 |      40 |       4 |   9.1
     Zig:22 |   74147 |       0 |   0.0 |      59 |       0 |   0.0
     Zig:23 |   60368 |       0 |   0.0 |     112 |       0 |   0.0
     Zig:25 |   61821 |       0 |   0.0 |      91 |       0 |   0.0
     Zig:26 |   76307 |       0 |   0.0 |      73 |       0 |   0.0
     Zig:27 |  162511 |       0 |   0.0 |      76 |       0 |   0.0
   Gauntlet |       0 |    3996 | 100.0 |       0 |      10 | 100.0
            +---------+---------+-------+---------+---------+-------
